Workbook

Sheet Parcela Fixa (Mão de Obra)
C2: ORÇAMENTO PARA CONTRATAÇÃO DE EMPRESA ESPECIALIZADA PARA | H2: Nº CODIFICAÇÃO METRÔ:
H5: DATA BASE: | I5: Janeiro/2018
B6: ADMINISTRAÇÃO LOCAL
B7: ITEM/ CÓDIGO | C7: DESCRIÇÃO DOS ITENS | F7: UNIDADE | G7: QUANTIDADE | H7: CUSTO UNITÁRIO (R$) | I7: CUSTO TOTAL (R$)
B9: 01.00.00.000 | C9: PARCELA FIXA DA ADMINISTRAÇÃO LOCAL | I9: =I10+I35 -> #REF!
B10: 01.01.00.000 | C10: PARCELA FIXA (MÃO DE OBRA) | I10: =I11+I26 -> 75148.047
B11: 01.01.00.000 | C11: Gerência Técnica | I11: =I12+I23 -> 50417.06
B12: 01.01.01.000 | C12: Geral | I12: =SUM(I13:I17) -> 47009.862 | K12: Encargos Sociais
B13: 9819 | C13: Engenheiro Supervisor | F13: mês | G13: 1 | H13: =11285.2435*K13 -> 21103.146 | I13: =G13*H13 -> 21103.146 | K13: 1.869977
B14: 9840 | C14: Encarregado Geral | F14: mês | G14: 1 | H14: =6119.2723*K14 -> 11775.946 | I14: =G14*H14 -> 11775.946 | K14: 1.924403
B15: 9897 | C15: Técnico em Meio Ambiente | F15: mês | G15: 1 | H15: =3604.6066*K15 -> 7153.7563 | I15: =G15*H15 -> 7153.7563 | K15: 1.984615
B16: 9948 | C16: Motorista | F16: mês | G16: 1 | H16: =1667.6528*K16 -> 3537.0582 | I16: =G16*H16 -> 3537.0582 | K16: 2.12098
B17: 9878 | C17: Secretária | F17: mês | G17: 1 | H17: =1617*K17 -> 3439.9557 | I17: =G17*H17 -> 3439.9557 | K17: 2.127369
B18: 01.01.02.000 | C18: V | I18: =SUM(I23:I27) -> 50362.982
B22: 9878 | C22: Secretária | F22: mês | G22: 1 | H22: =1617*K22 -> 0 | I22: =G22*H22 -> 0
B23: 01.01.02.000 | C23: Auxiliar | I23: =SUM(I24:I25) -> 3407.1977
C24: Engenheiro Auxiliar | F24: mês | G24: 0 | H24: =1551.3374*K24 -> 0 | I24: =G24*H24 -> 0
B25: 9903 | C25: Auxiliar técnico | F25: mês | G25: 1 | H25: =1551.3374*K25 -> 3407.1977 | I25: =G25*H25 -> 3407.1977 | K25: 2.196297
B26: 01.02.00.000 | C26: Gerência Administrativa | I26: =I27+I32 -> 24730.987
B27: 01.02.01.000 | C27: Geral | I27: =SUM(I28:I31) -> 18817.6
B28: 9883 | C28: Chefe do setor Administrativo | F28: mês | G28: 1 | H28: =3148.6684*K28 -> 6332.1863 | I28: =G28*H28 -> 6332.1863 | K28: 2.011068
B29: 9896 | C29: Porteiro | F29: mês | G29: 1 | H29: =1617*K29 -> 3466.1268 | I29: =G29*H29 -> 3466.1268 | K29: 2.143554
B30: 9827 | C30: Vigia | F30: mês | G30: 2 | H30: =1073.3363*K30 -> 2741.1141 | I30: =G30*H30 -> 5482.2283 | K30: 2.553826
B31: 9948 | C31: Motorista | F31: mês | G31: 1 | H31: =H16 -> 3537.0582 | I31: =G31*H31 -> 3537.0582 | K31: 2.12098
B32: 01.02.01.000 | C32: Auxiliar | I32: =SUM(I33:I34) -> 5913.3878
B33: 9806 | C33: Auxiliar administrativo | F33: mês | G33: 1 | H33: =1592.0013*K33 -> 3503.6446 | I33: =G33*H33 -> 3503.6446 | K33: 2.20078
B34: 9842 | C34: Faxineiro | F34: mês | G34: 1 | H34: =1057.5436*K34 -> 2409.7432 | I34: =G34*H34 -> 2409.7432 | K34: 2.278623
B35: 01.00.00.000 | C35: PARCELA FIXA (VEÍCULOS) | I35: =I36+I39 -> #REF!
B36: 01.01.00.000 | C36: Gerência Técnica | I36: =SUM(I37:I38) -> 0
B37: E9093 | C37: Veículo leve - 53 Kw | F37: mês | G37: 1 | H37: =11285.2435*K37 -> 0 | I37: =G37*H37 -> 0
F38: mês | G38: 1 | H38: =6119.2723*K38 -> 0 | I38: =G38*H38 -> 0
B39: 01.02.00.000 | C39: Gerência Administrativa | I39: =I40+I43 -> #REF!
B40: E9093 | C40: Veículo leve - 53 Kw | F40: mês | G40: 1 | H40: =11285.2435*K40 -> 0 | I40: =G40*H40 -> 0
F41: mês | G41: 1 | H41: =1617*K41 -> 0 | I41: =G41*H41 -> 0
B43: 02.00.00.000 | C43: PARCELA VINCULADA | I43: =I44+I60 -> #REF!
B44: 01.00.00.000 | C44: PARCELA VINCULADA (MÃO DE OBRA) | I44: =I45+I55 -> #REF!
B45: 01.01.00.000 | C45: ENCARREGADOS DE PRODUÇÃO | I45: =I46+#REF! -> #REF!
B46: 01.01.01.000 | I46: =SUM(I47:I53) -> 0
C47: Encarregado de pavimentação | F47: mês | G47: 1 | H47: =11285.2435*K47 -> 0 | I47: =G47*H47 -> 0
C48: Encarregado de terraplenagem | F48: mês | G48: 1 | H48: =6119.2723*K48 -> 0 | I48: =G48*H48 -> 0
C49: Encarregado de superestrutura | F49: mês | G49: 1 | H49: =3604.6066*K49 -> 0 | I49: =G49*H49 -> 0
C50: Encarregado de obras de arte especiais | F50: mês | G50: 1 | H50: =1667.6528*K50 -> 0 | I50: =G50*H50 -> 0
C51: Encarregado de Instalação Hidraulica
C52: Encarregado de Arquitetura
C53: Encarregado de Elétrica | F53: mês | G53: 1 | H53: =1617*K53 -> 0 | I53: =G53*H53 -> 0
B55: 01.02.00.000 | C55: EQUIPE DE TOPOGRAFIA | I55: =#REF!+#REF! -> #REF!
C56: Topógrafo | F56: mês | G56: 1 | H56: =3148.6684*K56 -> 0 | I56: =G56*H56 -> 0
C57: Auxiliar de topografia | F57: mês | G57: 1 | H57: =1617*K57 -> 0 | I57: =G57*H57 -> 0
F58: mês | G58: 2 | H58: =1073.3363*K58 -> 0 | I58: =G58*H58 -> 0
F59: mês | G59: 1 | H59: =H50 -> 0 | I59: =G59*H59 -> 0
B60: 01.02.00.000 | C60: EQUIPE DE MEDICINA E SEGURANÇA DO TRABALHO | I60: =#REF!+#REF! -> #REF!
C61: Técnico de Segurança do trabalho | F61: mês | G61: 1 | H61: =3148.6684*K61 -> 0 | I61: =G61*H61 -> 0
C62: Engenheiro de Segurança do trabalho | F62: mês | G62: 1 | H62: =1617*K62 -> 0 | I62: =G62*H62 -> 0
F63: mês | G63: 2 | H63: =1073.3363*K63 -> 0 | I63: =G63*H63 -> 0
F64: mês | G64: 1 | H64: =H55 -> 0 | I64: =G64*H64 -> 0
B65: 01.00.00.000 | C65: PARCELA VINCULADA (veículos) | I65: =I66+I76 -> 0
B66: 01.01.00.000 | C66: ENCAREGADOS DE PRODUÇÃO (VEÍCULOS) | I66: =SUM(I67:I68) -> 0
B67: E9093 | C67: Veículo leve - 53 Kw | F67: mês | G67: 1 | H67: =11285.2435*K67 -> 0 | I67: =G67*H67 -> 0
F68: mês | G68: 1 | H68: =6119.2723*K68 -> 0 | I68: =G68*H68 -> 0
B69: 01.02.00.000 | C69: OUTROS | I69: =I70+I72 -> #REF!
B70: E9093 | C70: Veículo leve - 53 Kw | F70: mês | G70: 1 | H70: =11285.2435*K70 -> 0 | I70: =G70*H70 -> 0
F71: mês | G71: 1 | H71: =1617*K71 -> 0 | I71: =G71*H71 -> 0
B72: 03.00.00.000 | C72: PARCELA VARIÁVEL | I72: =I73+I89 -> #REF!
B73: 01.00.00.000 | C73: PARCELA VARIÁVEL (MÃO DE OBRA) | I73: =I74+I84 -> #REF!
B74: 01.01.00.000 | C74: ENCARREGADOS DE PRODUÇÃO | I74: =I75+#REF! -> #REF!
B75: 01.01.01.000 | I75: =SUM(I76:I82) -> 0
F76: mês | G76: 1 | H76: =11285.2435*K76 -> 0 | I76: =G76*H76 -> 0
F77: mês | G77: 1 | H77: =6119.2723*K77 -> 0 | I77: =G77*H77 -> 0
F78: mês | G78: 1 | H78: =3604.6066*K78 -> 0 | I78: =G78*H78 -> 0
F79: mês | G79: 1 | H79: =1667.6528*K79 -> 0 | I79: =G79*H79 -> 0
F82: mês | G82: 1 | H82: =1617*K82 -> 0 | I82: =G82*H82 -> 0
B84: 01.02.00.000 | C84: EQUIPE DE TOPOGRAFIA | I84: =#REF!+#REF! -> #REF!
F85: mês | G85: 1 | H85: =3148.6684*K85 -> 0 | I85: =G85*H85 -> 0
F86: mês | G86: 1 | H86: =1617*K86 -> 0 | I86: =G86*H86 -> 0
F87: mês | G87: 2 | H87: =1073.3363*K87 -> 0 | I87: =G87*H87 -> 0
F88: mês | G88: 1 | H88: =H79 -> 0 | I88: =G88*H88 -> 0
B89: 01.02.00.000 | C89: EQUIPE DE MEDICINA E SEGURANÇA DO TRABALHO | I89: =#REF!+#REF! -> #REF!
F90: mês | G90: 1 | H90: =3148.6684*K90 -> 0 | I90: =G90*H90 -> 0
F91: mês | G91: 1 | H91: =1617*K91 -> 0 | I91: =G91*H91 -> 0
F92: mês | G92: 2 | H92: =1073.3363*K92 -> 0 | I92: =G92*H92 -> 0
F93: mês | G93: 1 | H93: =H84 -> 0 | I93: =G93*H93 -> 0
B94: 01.00.00.000 | C94: PARCELA VARIÁVEL (veículos) | I94: =I95+I105 -> 0
B95: 01.01.00.000 | C95: ENCAREGADOS DE PRODUÇÃO (VEÍCULOS) | I95: =SUM(I96:I97) -> 0
B96: E9093 | C96: Veículo leve - 53 Kw | F96: mês | G96: 1 | H96: =11285.2435*K96 -> 0 | I96: =G96*H96 -> 0
F97: mês | G97: 1 | H97: =6119.2723*K97 -> 0 | I97: =G97*H97 -> 0
B98: 01.02.00.000 | C98: OUTROS | I98: =I99+I101 -> 0
B99: E9093 | C99: Veículo leve - 53 Kw | F99: mês | G99: 1 | H99: =11285.2435*K99 -> 0 | I99: =G99*H99 -> 0
F100: mês | G100: 1 | H100: =1617*K100 -> 0 | I100: =G100*H100 -> 0

Sheet Parcela mão de obra (total)
E1: Contratação de empresa para elaboração de projeto executivo execução das obras civis das Estações nº35 e nº36, Via permanente, Subestações Retificadoras (SR63, SR64 e SR65) e implantação dos sistemas fixos referentes à expansão da Linha 1 do Metrô-DF no Trecho Samambaia
B2: OBRA: | D2: Expansão Samambaia | K2: BDI: | L2: 0.2223
B3: DATA-BASE: | D3: 04/2022 | I3: ENCARGOS SOCIAIS NÃO DESONERADOS: | L3: SINAPI - 110,14% (HORA) SINAPI - 70,03% (MÊS)
L4: SICRO - CONFORME CATEGORIA
B5: ADMINISTRAÇÃO LOCAL
B6: ITEM | C6: FONTE | D6: CÓDIGO | E6: DESCRIÇÃO | F6: UNIDADE | G6: QTDE MENSAL | H6: PERÍODO | I6: QTDE TOTAL | J6: UTILIZAÇÃO | L6: CUSTO UNITÁRIO | N6: CUSTO TOTAL
J7: PROD. | K7: IMPROD. | L7: PROD. | M7: IMPROD.
B8: 1 | E8: MÃO DE OBRA | L8: =IF(D8="","",VLOOKUP(D8,'[1]SICRO MO'!$A$5:$F$103,6,FALSE)) | N8: =N9+N49+N75+N82 -> 15657106
B9: 1.1 | E9: Parcela Fixa | L9: =IF(D9="","",VLOOKUP(D9,'[1]SICRO MO'!$A$5:$F$103,6,FALSE)) | N9: =N10+N30 -> 9381860.7
B10: 1.1.1 | E10: Gerência Técnica | L10: =IF(D10="","",VLOOKUP(D10,'[1]SICRO MO'!$A$5:$F$103,6,FALSE)) | N10: =SUM(N12:N29) -> 5858763.7
E11: Responsável Técnico (Civil e Sistemas)
C12: SICRO | D12: P9819 | E12: =VLOOKUP(D12,'CUSTOS SICRO_SINAPI'!A:D,2,FALSE) -> Engenheiro supervisor | F12: mês | G12: 2 | H12: 50 | I12: =G12*H12 -> 100 | J12: - | K12: - | L12: =VLOOKUP(D12,'CUSTOS SICRO_SINAPI'!A:D,4,FALSE) -> 21625.217 | N12: =TRUNC(I12*L12,2) -> 2162521.7
C13: SICRO | D13: P9878 | E13: =VLOOKUP(D13,'CUSTOS SICRO_SINAPI'!A:D,2,FALSE) -> Secretária | F13: mês | G13: 1 | H13: 50 | I13: =G13*H13 -> 50 | J13: - | K13: - | L13: =VLOOKUP(D13,'CUSTOS SICRO_SINAPI'!A:D,4,FALSE) -> 5289.9622 | N13: =TRUNC(I13*L13,2) -> 264498.11
C14: SICRO | D14: P9948 | E14: =VLOOKUP(D14,'CUSTOS SICRO_SINAPI'!A:D,2,FALSE) -> Motorista de veículo leve - mensalista | F14: mês | G14: 1 | H14: 50 | I14: =G14*H14 -> 50 | J14: - | K14: - | L14: =VLOOKUP(D14,'CUSTOS SICRO_SINAPI'!A:D,4,FALSE) -> 4147.462 | N14: =TRUNC(I14*L14,2) -> 207373.1
E15: Planejamento e Medição (Civil e Sistemas)
C16: SICRO | D16: P9946 | E16: =VLOOKUP(D16,'CUSTOS SICRO_SINAPI'!A:D,2,FALSE) -> Engenheiro auxiliar | F16: mês | G16: 2 | H16: 45 | I16: =G16*H16 -> 90 | J16: - | K16: - | L16: =VLOOKUP(D16,'CUSTOS SICRO_SINAPI'!A:D,4,FALSE) -> 19050.057 | N16: =TRUNC(I16*L16,2) -> 1714505.1
E17: Técnico de Telecom
C18: SICRO | D18: P9903 | E18: =VLOOKUP(D18,'CUSTOS SICRO_SINAPI'!A:D,2,FALSE) -> Auxiliar técnico | F18: mês | G18: 2 | H18: 23 | I18: =G18*H18 -> 46 | J18: - | K18: - | L18: =VLOOKUP(D18,'CUSTOS SICRO_SINAPI'!A:D,4,FALSE) -> 3598.6376 | N18: =TRUNC(I18*L18,2) -> 165537.32
E19: Técnico de Energia
C20: SICRO | D20: P9903 | E20: =VLOOKUP(D20,'CUSTOS SICRO_SINAPI'!A:D,2,FALSE) -> Auxiliar técnico | F20: mês | G20: 1 | H20: 28 | I20: =G20*H20 -> 28 | J20: - | K20: - | L20: =VLOOKUP(D20,'CUSTOS SICRO_SINAPI'!A:D,4,FALSE) -> 3598.6376 | N20: =TRUNC(I20*L20,2) -> 100761.85
E21: Técnico de Edificações (Estações)
C22: SICRO | D22: P9903 | E22: =VLOOKUP(D22,'CUSTOS SICRO_SINAPI'!A:D,2,FALSE) -> Auxiliar técnico | F22: mês | G22: 2 | H22: 20 | I22: =G22*H22 -> 40 | J22: - | K22: - | L22: =VLOOKUP(D22,'CUSTOS SICRO_SINAPI'!A:D,4,FALSE) -> 3598.6376 | N22: =TRUNC(I22*L22,2) -> 143945.5
E23: Técnico Via Permanente e OAE
C24: SICRO | D24: P9903 | E24: =VLOOKUP(D24,'CUSTOS SICRO_SINAPI'!A:D,2,FALSE) -> Auxiliar técnico | F24: mês | G24: 1 | H24: 25 | I24: =G24*H24 -> 25 | J24: - | K24: - | L24: =VLOOKUP(D24,'CUSTOS SICRO_SINAPI'!A:D,4,FALSE) -> 3598.6376 | N24: =TRUNC(I24*L24,2) -> 89965.94
E25: Mestre de Obra (Civil e Sistemas)
C26: SICRO | D26: P9840 | E26: =VLOOKUP(D26,'CUSTOS SICRO_SINAPI'!A:D,2,FALSE) -> Encarregado geral | F26: mês | G26: 2 | H26: 45 | I26: =G26*H26 -> 90 | J26: - | K26: - | L26: =VLOOKUP(D26,'CUSTOS SICRO_SINAPI'!A:D,4,FALSE) -> 10785.454 | N26: =TRUNC(I26*L26,2) -> 970690.88
E27: Ambiental
C28: SICRO | D28: P9897 | E28: =VLOOKUP(D28,'CUSTOS SICRO_SINAPI'!A:D,2,FALSE) -> Técnico de meio ambiente | F28: mês | G28: 1 | H28: 6 | I28: =G28*H28 -> 6 | J28: - | K28: - | L28: =VLOOKUP(D28,'CUSTOS SICRO_SINAPI'!A:D,4,FALSE) -> 6494.0399 | N28: =TRUNC(I28*L28,2) -> 38964.23
B30: 1.1.2 | E30: Gerência Administrativa | N30: =SUM(N32:N48) -> 3523097
B31: 1.1.2.1 | E31: Geral - Canteiro Principal
C32: SICRO | D32: P9883 | E32: =VLOOKUP(D32,'CUSTOS SICRO_SINAPI'!A:D,2,FALSE) -> Chefe do setor administrativo | F32: mês | G32: 1 | H32: 45 | I32: =G32*H32 -> 45 | J32: - | K32: - | L32: =VLOOKUP(D32,'CUSTOS SICRO_SINAPI'!A:D,4,FALSE) -> 7185.3571 | N32: =TRUNC(I32*L32,2) -> 323341.06
C33: SICRO | D33: P9806 | E33: =VLOOKUP(D33,'CUSTOS SICRO_SINAPI'!A:D,2,FALSE) -> Auxiliar administrativo | F33: mês | G33: 1 | H33: 45 | I33: =G33*H33 -> 45 | J33: - | K33: - | L33: =VLOOKUP(D33,'CUSTOS SICRO_SINAPI'!A:D,4,FALSE) -> 3804.4425 | N33: =TRUNC(I33*L33,2) -> 171199.91
C34: SICRO | D34: P9948 | E34: =VLOOKUP(D34,'CUSTOS SICRO_SINAPI'!A:D,2,FALSE) -> Motorista de veículo leve - mensalista | F34: mês | G34: 1 | H34: 45 | I34: =G34*H34 -> 45 | J34: - | K34: - | L34: =VLOOKUP(D34,'CUSTOS SICRO_SINAPI'!A:D,4,FALSE) -> 4147.462 | N34: =TRUNC(I34*L34,2) -> 186635.79
C35: SICRO | D35: P9896 | E35: =VLOOKUP(D35,'CUSTOS SICRO_SINAPI'!A:D,2,FALSE) -> Porteiro | F35: mês | G35: 2 | H35: 45 | I35: =G35*H35 -> 90 | J35: - | K35: - | L35: =VLOOKUP(D35,'CUSTOS SICRO_SINAPI'!A:D,4,FALSE) -> 3675.5744 | N35: =TRUNC(I35*L35,2) -> 330801.69
C36: SICRO | D36: P9827 | E36: =VLOOKUP(D36,'CUSTOS SICRO_SINAPI'!A:D,2,FALSE) -> Vigia | F36: mês | G36: 2 | H36: 45 | I36: =G36*H36 -> 90 | J36: - | K36: - | L36: =VLOOKUP(D36,'CUSTOS SICRO_SINAPI'!A:D,4,FALSE) -> 3970.8184 | N36: =TRUNC(I36*L36,2) -> 357373.65
C37: SICRO | D37: P9842 | E37: =VLOOKUP(D37,'CUSTOS SICRO_SINAPI'!A:D,2,FALSE) -> Faxineiro | F37: mês | G37: 1 | H37: 45 | I37: =G37*H37 -> 45 | J37: - | K37: - | L37: =VLOOKUP(D37,'CUSTOS SICRO_SINAPI'!A:D,4,FALSE) -> 3222.1806 | N37: =TRUNC(I37*L37,2) -> 144998.12
B38: 1.1.2.2 | E38: Canteiro Est. 35/OAE
C39: SICRO | D39: P9806 | E39: =VLOOKUP(D39,'CUSTOS SICRO_SINAPI'!A:D,2,FALSE) -> Auxiliar administrativo | F39: mês | G39: 1 | H39: 45 | I39: =G39*H39 -> 45 | J39: - | K39: - | L39: =VLOOKUP(D39,'CUSTOS SICRO_SINAPI'!A:D,4,FALSE) -> 3804.4425 | N39: =TRUNC(I39*L39,2) -> 171199.91
C40: SICRO | D40: P9896 | E40: =VLOOKUP(D40,'CUSTOS SICRO_SINAPI'!A:D,2,FALSE) -> Porteiro | F40: mês | G40: 2 | H40: 45 | I40: =G40*H40 -> 90 | J40: - | K40: - | L40: =VLOOKUP(D40,'CUSTOS SICRO_SINAPI'!A:D,4,FALSE) -> 3675.5744 | N40: =TRUNC(I40*L40,2) -> 330801.69
C41: SICRO | D41: P9827 | E41: =VLOOKUP(D41,'CUSTOS SICRO_SINAPI'!A:D,2,FALSE) -> Vigia | F41: mês | G41: 2 | H41: 45 | I41: =G41*H41 -> 90 | J41: - | K41: - | L41: =VLOOKUP(D41,'CUSTOS SICRO_SINAPI'!A:D,4,FALSE) -> 3970.8184 | N41: =TRUNC(I41*L41,2) -> 357373.65
C42: SICRO | D42: P9842 | E42: =VLOOKUP(D42,'CUSTOS SICRO_SINAPI'!A:D,2,FALSE) -> Faxineiro | F42: mês | G42: 1 | H42: 45 | I42: =G42*H42 -> 45 | J42: - | K42: - | L42: =VLOOKUP(D42,'CUSTOS SICRO_SINAPI'!A:D,4,FALSE) -> 3222.1806 | N42: =TRUNC(I42*L42,2) -> 144998.12
B43: 1.1.2.3 | E43: Canteiro Est. 36/OAE
C44: SICRO | D44: P9806 | E44: =VLOOKUP(D44,'CUSTOS SICRO_SINAPI'!A:D,2,FALSE) -> Auxiliar administrativo | F44: mês | G44: 1 | H44: 45 | I44: =G44*H44 -> 45 | J44: - | K44: - | L44: =VLOOKUP(D44,'CUSTOS SICRO_SINAPI'!A:D,4,FALSE) -> 3804.4425 | N44: =TRUNC(I44*L44,2) -> 171199.91
C45: SICRO | D45: P9896 | E45: =VLOOKUP(D45,'CUSTOS SICRO_SINAPI'!A:D,2,FALSE) -> Porteiro | F45: mês | G45: 2 | H45: 45 | I45: =G45*H45 -> 90 | J45: - | K45: - | L45: =VLOOKUP(D45,'CUSTOS SICRO_SINAPI'!A:D,4,FALSE) -> 3675.5744 | N45: =TRUNC(I45*L45,2) -> 330801.69
C46: SICRO | D46: P9827 | E46: =VLOOKUP(D46,'CUSTOS SICRO_SINAPI'!A:D,2,FALSE) -> Vigia | F46: mês | G46: 2 | H46: 45 | I46: =G46*H46 -> 90 | J46: - | K46: - | L46: =VLOOKUP(D46,'CUSTOS SICRO_SINAPI'!A:D,4,FALSE) -> 3970.8184 | N46: =TRUNC(I46*L46,2) -> 357373.65
C47: SICRO | D47: P9842 | E47: =VLOOKUP(D47,'CUSTOS SICRO_SINAPI'!A:D,2,FALSE) -> Faxineiro | F47: mês | G47: 1 | H47: 45 | I47: =G47*H47 -> 45 | J47: - | K47: - | L47: =VLOOKUP(D47,'CUSTOS SICRO_SINAPI'!A:D,4,FALSE) -> 3222.1806 | N47: =TRUNC(I47*L47,2) -> 144998.12
B49: 1.2 | E49: Parcela Vinculada | L49: =IF(D49="","",VLOOKUP(D49,'[1]SICRO MO'!$A$5:$F$103,6,FALSE)) | N49: =SUM(N52:N73) -> 4507802.9
B50: 1.2.1 | E50: Encarregados de Produção | L50: =IF(D50="","",VLOOKUP(D50,'[1]SICRO MO'!$A$5:$F$103,6,FALSE))
E51: Sistema Viário e Via Permanente
C52: SICRO | D52: P9893 | E52: =VLOOKUP(D52,'CUSTOS SICRO_SINAPI'!A:D,2,FALSE) -> Encarregado de pavimentação | F52: mês | G52: 1 | H52: 25 | I52: =G52*H52 -> 25 | J52: - | K52: - | L52: =VLOOKUP(D52,'CUSTOS SICRO_SINAPI'!A:D,4,FALSE) -> 6885.8442 | N52: =TRUNC(I52*L52,2) -> 172146.1
C53: SICRO | D53: P9884 | E53: =VLOOKUP(D53,'CUSTOS SICRO_SINAPI'!A:D,2,FALSE) -> Encarregado de terraplenagem | F53: mês | G53: 1 | H53: 16 | I53: =G53*H53 -> 16 | J53: - | K53: - | L53: =VLOOKUP(D53,'CUSTOS SICRO_SINAPI'!A:D,4,FALSE) -> 6885.8442 | N53: =TRUNC(I53*L53,2) -> 110173.5
C54: SICRO | D54: P9901 | E54: =VLOOKUP(D54,'CUSTOS SICRO_SINAPI'!A:D,2,FALSE) -> Encarregado de superestrutura ferroviária | F54: mês | G54: 1 | H54: 25 | I54: =G54*H54 -> 25 | J54: - | K54: - | L54: =VLOOKUP(D54,'CUSTOS SICRO_SINAPI'!A:D,4,FALSE) -> 6885.8442 | N54: =TRUNC(I54*L54,2) -> 172146.1
C55: SICRO | D55: P9875 | E55: =VLOOKUP(D55,'CUSTOS SICRO_SINAPI'!A:D,2,FALSE) -> Encarregado de turma | F55: mês | G55: 1 | H55: 25 | I55: =G55*H55 -> 25 | J55: - | K55: - | L55: =VLOOKUP(D55,'CUSTOS SICRO_SINAPI'!A:D,4,FALSE) -> 4278.962 | N55: =TRUNC(I55*L55,2) -> 106974.05
C56: SICRO | D56: P9804 | E56: =VLOOKUP(D56,'CUSTOS SICRO_SINAPI'!A:D,2,FALSE) -> Apontador | F56: mês | G56: 1 | H56: 25 | I56: =G56*H56 -> 25 | J56: - | K56: - | L56: =VLOOKUP(D56,'CUSTOS SICRO_SINAPI'!A:D,4,FALSE) -> 4051.144 | N56: =TRUNC(I56*L56,2) -> 101278.6
E57: OAE e Emissário
C58: SICRO | D58: P9869 | E58: =VLOOKUP(D58,'CUSTOS SICRO_SINAPI'!A:D,2,FALSE) -> Encarregado de obras de artes especiais | F58: mês | G58: 3 | H58: 16 | I58: =G58*H58 -> 48 | J58: - | K58: - | L58: =VLOOKUP(D58,'CUSTOS SICRO_SINAPI'!A:D,4,FALSE) -> 6885.8442 | N58: =TRUNC(I58*L58,2) -> 330520.52
C59: SICRO | D59: P9875 | E59: =VLOOKUP(D59,'CUSTOS SICRO_SINAPI'!A:D,2,FALSE) -> Encarregado de turma | F59: mês | G59: 6 | H59: 16 | I59: =G59*H59 -> 96 | J59: - | K59: - | L59: =VLOOKUP(D59,'CUSTOS SICRO_SINAPI'!A:D,4,FALSE) -> 4278.962 | N59: =TRUNC(I59*L59,2) -> 410780.35
C60: SICRO | D60: P9804 | E60: =VLOOKUP(D60,'CUSTOS SICRO_SINAPI'!A:D,2,FALSE) -> Apontador | F60: mês | G60: 6 | H60: 16 | I60: =G60*H60 -> 96 | J60: - | K60: - | L60: =VLOOKUP(D60,'CUSTOS SICRO_SINAPI'!A:D,4,FALSE) -> 4051.144 | N60: =TRUNC(I60*L60,2) -> 388909.82
E61: Encarregado da Estação 35
C62: SINAPI | D62: 93572 | E62: =VLOOKUP(D62,'CUSTOS SICRO_SINAPI'!A:D,2,FALSE) -> Encarregado geral de obras | F62: mês | G62: 1 | H62: 20 | I62: =G62*H62 -> 20 | J62: - | K62: - | L62: =VLOOKUP(D62,'CUSTOS SICRO_SINAPI'!A:D,4,FALSE) -> 3.606,88 | N62: =TRUNC(I62*L62,2) -> 72137.6
E63: Encarregado da Estação 36
C64: SINAPI | D64: 93572 | E64: =VLOOKUP(D64,'CUSTOS SICRO_SINAPI'!A:D,2,FALSE) -> Encarregado geral de obras | F64: mês | G64: 1 | H64: 20 | I64: =G64*H64 -> 20 | J64: - | K64: - | L64: =VLOOKUP(D64,'CUSTOS SICRO_SINAPI'!A:D,4,FALSE) -> 3.606,88 | N64: =TRUNC(I64*L64,2) -> 72137.6
E65: Encarregado do Pátio de Pré-moldados
C66: SINAPI | D66: 93572 | E66: =VLOOKUP(D66,'CUSTOS SICRO_SINAPI'!A:D,2,FALSE) -> Encarregado geral de obras | F66: mês | G66: 1 | H66: 10 | I66: =G66*H66 -> 10 | J66: - | K66: - | L66: =VLOOKUP(D66,'CUSTOS SICRO_SINAPI'!A:D,4,FALSE) -> 3.606,88 | N66: =TRUNC(I66*L66,2) -> 36068.8
B67: 1.2.2 | E67: Equipe de Topografia
C68: SICRO | D68: P9949 | E68: =VLOOKUP(D68,'CUSTOS SICRO_SINAPI'!A:D,2,FALSE) -> Topógrafo | F68: mês | G68: 1 | H68: 25 | I68: =G68*H68 -> 25 | J68: - | K68: - | L68: =VLOOKUP(D68,'CUSTOS SICRO_SINAPI'!A:D,4,FALSE) -> 5176.4761 | N68: =TRUNC(I68*L68,2) -> 129411.9
C69: SICRO | D69: P9950 | E69: =VLOOKUP(D69,'CUSTOS SICRO_SINAPI'!A:D,2,FALSE) -> Auxiliar de topografia | F69: mês | G69: 3 | H69: 25 | I69: =G69*H69 -> 75 | J69: - | K69: - | L69: =VLOOKUP(D69,'CUSTOS SICRO_SINAPI'!A:D,4,FALSE) -> 4059.4837 | N69: =TRUNC(I69*L69,2) -> 304461.27
B70: 1.2.3 | E70: Equipe de Medicina e Segurança do Trabalho
C71: SICRO | D71: P9864 | E71: =VLOOKUP(D71,'CUSTOS SICRO_SINAPI'!A:D,2,FALSE) -> Engenheiro de segurança do trabalho | F71: mês | G71: 1 | H71: 45 | I71: =G71*H71 -> 45 | J71: - | K71: - | L71: =VLOOKUP(D71,'CUSTOS SICRO_SINAPI'!A:D,4,FALSE) -> 19324.283 | N71: =TRUNC(I71*L71,2) -> 869592.72
C72: SICRO | D72: P9876 | E72: =VLOOKUP(D72,'CUSTOS SICRO_SINAPI'!A:D,2,FALSE) -> Técnico de segurança do trabalho | F72: mês | G72: 2 | H72: 45 | I72: =G72*H72 -> 90 | J72: - | K72: - | L72: =VLOOKUP(D72,'CUSTOS SICRO_SINAPI'!A:D,4,FALSE) -> 5277.6939 | N72: =TRUNC(I72*L72,2) -> 474992.45
C73: SICRO | D73: P9851 | E73: =VLOOKUP(D73,'CUSTOS SICRO_SINAPI'!A:D,2,FALSE) -> Médico do trabalho | F73: mês | G73: 1 | H73: 45 | I73: =G73*H73 -> 45 | J73: - | K73: - | L73: =VLOOKUP(D73,'CUSTOS SICRO_SINAPI'!A:D,4,FALSE) -> 16801.589 | N73: =TRUNC(I73*L73,2) -> 756071.51
B75: 1.3 | E75: Parcela Variável | L75: =IF(D75="","",VLOOKUP(D75,'[1]SICRO MO'!$A$5:$F$103,6,FALSE)) | N75: =SUM(N76:N81) -> 1630182.1
B76: 1.3.1 | E76: Frentes de Serviço
C77: SICRO | E77: Equipes de Frente de Serviço | F77: equipe x mês | G77: - | H77: - | I77: ='Frentes de Serviços'!I85 -> 217.05839 | J77: - | K77: - | L77: ='Frentes de Serviços'!I93 -> 6304.534 | N77: =L77*I77 -> 1368452
B78: 1.3.1 | E78: Controle Tecnológico
C79: SICRO | E79: Laboratório de solos | F79: equipe x mês | G79: - | H79: - | I79: ='Controle Tecnologico'!I9+'Controle Tecnologico'!I19 -> 3.7261191 | J79: - | K79: - | L79: ='Composição custo laboratórios'!L11 -> 21748.655 | N79: =L79*I79 -> 81038.08
C80: SICRO | E80: Laboratório de asfaltos | F80: equipe x mês | G80: - | H80: - | I80: ='Controle Tecnologico'!I30 -> 0.66826914 | J80: - | K80: - | L80: ='Composição custo laboratórios'!L21 -> 21748.655 | N80: =L80*I80 -> 14533.955
C81: SICRO | E81: Laboratório de concreto | F81: equipe x mês | G81: - | H81: - | I81: ='Controle Tecnologico'!I48 -> 7.6399224 | J81: - | K81: - | L81: ='Composição custo laboratórios'!L31 -> 21748.655 | N81: =L81*I81 -> 166158.04
B82: 1.4 | E82: Manutenção dos Canteiros | L82: =IF(D82="","",VLOOKUP(D82,'[1]SICRO MO'!$A$5:$F$103,6,FALSE)) | N82: =SUM(N83:N85) -> 137260.69
C83: SICRO | D83: P9952 | E83: =VLOOKUP(D83,'CUSTOS SICRO_SINAPI'!A:D,2,FALSE) -> Pedreiro - mensalista | F83: mês | G83: =(2*22)/182.49 -> 0.2411091 | H83: 45 | I83: =G83*H83 -> 10.84991 | J83: - | K83: - | L83: =VLOOKUP(D83,'CUSTOS SICRO_SINAPI'!A:D,4,FALSE) -> 4570.608 | N83: =TRUNC(I83*L83,2) -> 49590.68
C84: SICRO | D84: P9954 | E84: =VLOOKUP(D84,'CUSTOS SICRO_SINAPI'!A:D,2,FALSE) -> Servente - mensalista | F84: mês | G84: =(2*22)/182.49 -> 0.2411091 | H84: 45 | I84: =G84*H84 -> 10.84991 | J84: - | K84: - | L84: =VLOOKUP(D84,'CUSTOS SICRO_SINAPI'!A:D,4,FALSE) -> 3322.4376 | N84: =TRUNC(I84*L84,2) -> 36048.14
C85: SICRO | D85: P9953 | E85: =VLOOKUP(D85,'CUSTOS SICRO_SINAPI'!A:D,2,FALSE) -> Eletricista - mensalista | F85: mês | G85: =(2*22)/182.49 -> 0.2411091 | H85: 45 | I85: =G85*H85 -> 10.84991 | J85: - | K85: - | L85: =VLOOKUP(D85,'CUSTOS SICRO_SINAPI'!A:D,4,FALSE) -> 4757.8164 | N85: =TRUNC(I85*L85,2) -> 51621.87
B86: 2 | E86: VEÍCULOS / EQUIPAMENTOS | L86: =IF(D86="","",VLOOKUP(D86,'[1]SICRO EQUIP'!$A$5:$K$369,10,FALSE)) | M86: =IF(D86="","",VLOOKUP(D86,'[1]SICRO EQUIP'!$A$5:$K$369,11,FALSE)) | N86: =N87+N92 -> 1119686.6
B87: 2.1 | E87: Parcela fixa | L87: =IF(D87="","",VLOOKUP(D87,'[1]SICRO EQUIP'!$A$5:$K$369,10,FALSE)) | M87: =IF(D87="","",VLOOKUP(D87,'[1]SICRO EQUIP'!$A$5:$K$369,11,FALSE)) | N87: =SUM(N88:N91) -> 337561.87
B88: 2.1.1 | E88: Gerência Técnica | L88: =IF(D88="","",VLOOKUP(D88,'[1]SICRO EQUIP'!$A$5:$K$369,10,FALSE)) | M88: =IF(D88="","",VLOOKUP(D88,'[1]SICRO EQUIP'!$A$5:$K$369,11,FALSE))
C89: SICRO | D89: E9093 | E89: =VLOOKUP(D89,'CUSTOS SICRO_SINAPI'!A:D,2,FALSE) -> Veículo leve - 53 kW (sem motorista) | F89: mês | G89: 2 | H89: 45 | I89: =G89*H89 -> 90 | J89: 44 | K89: 176 | L89: =IF(D89="","",VLOOKUP(D89,'[1]SICRO EQUIP'!$A$5:$K$369,10,FALSE)) -> 41.5894 | M89: =IF(D89="","",VLOOKUP(D89,'[1]SICRO EQUIP'!$A$5:$K$369,11,FALSE)) -> 3.8098 | N89: =TRUNC(I89*(J89*L89+K89*M89),2) -> 225041.25
B90: 2.1.2 | E90: Gerência Administrativa | L90: =IF(D90="","",VLOOKUP(D90,'[1]SICRO EQUIP'!$A$5:$K$369,10,FALSE)) | M90: =IF(D90="","",VLOOKUP(D90,'[1]SICRO EQUIP'!$A$5:$K$369,11,FALSE))
C91: SICRO | D91: E9093 | E91: =VLOOKUP(D91,'CUSTOS SICRO_SINAPI'!A:D,2,FALSE) -> Veículo leve - 53 kW (sem motorista) | F91: mês | G91: 1 | H91: 45 | I91: =G91*H91 -> 45 | J91: 44 | K91: 176 | L91: =IF(D91="","",VLOOKUP(D91,'[1]SICRO EQUIP'!$A$5:$K$369,10,FALSE)) -> 41.5894 | M91: =IF(D91="","",VLOOKUP(D91,'[1]SICRO EQUIP'!$A$5:$K$369,11,FALSE)) -> 3.8098 | N91: =TRUNC(I91*(J91*L91+K91*M91),2) -> 112520.62
B92: 2.2 | E92: Parcela vinculada | L92: =IF(D92="","",VLOOKUP(D92,'[1]SICRO EQUIP'!$A$5:$K$369,10,FALSE)) | M92: =IF(D92="","",VLOOKUP(D92,'[1]SICRO EQUIP'!$A$5:$K$369,11,FALSE)) | N92: =SUM(N94:N100) -> 782124.7
B93: 2.2.1 | E93: Topografia | L93: =IF(D93="","",VLOOKUP(D93,'[1]SICRO EQUIP'!$A$5:$K$369,10,FALSE)) | M93: =IF(D93="","",VLOOKUP(D93,'[1]SICRO EQUIP'!$A$5:$K$369,11,FALSE))
C94: SICRO | D94: E9125 | E94: =VLOOKUP(D94,'CUSTOS SICRO_SINAPI'!A:D,2,FALSE) -> Van furgão - 93 kW | F94: h/mês | G94: 1 | H94: 25 | I94: =G94*H94 -> 25 | J94: 44 | K94: 176 | L94: =IF(D94="","",VLOOKUP(D94,'[1]SICRO EQUIP'!$A$5:$K$369,10,FALSE)) -> 80.0125 | M94: =IF(D94="","",VLOOKUP(D94,'[1]SICRO EQUIP'!$A$5:$K$369,11,FALSE)) -> 26.4558 | N94: =TRUNC(I94*(J94*L94+K94*M94),2) -> 204419.27
B95: 2.2.2 | E95: Manutenção dos Canteiros | L95: =IF(D95="","",VLOOKUP(D95,'[1]SICRO EQUIP'!$A$5:$K$369,10,FALSE)) | M95: =IF(D95="","",VLOOKUP(D95,'[1]SICRO EQUIP'!$A$5:$K$369,11,FALSE))
C96: SICRO | D96: E9686 | E96: Caminhão guindauto | F96: h/mês | G96: 11 | H96: 45 | I96: =G96*H96 -> 495 | L96: =VLOOKUP(D96,'CUSTOS SICRO_SINAPI'!A:D,4,FALSE) -> 300.662 | N96: =TRUNC(I96*L96,2) -> 148827.69
C97: SICRO | D97: E9669 | E97: Caminhão pipa 8.000 l | F97: h/mês | G97: 22 | H97: 45 | I97: =G97*H97 -> 990 | L97: =VLOOKUP(D97,'CUSTOS SICRO_SINAPI'!A:D,4,FALSE) -> 258.3694 | N97: =TRUNC(I97*L97,2) -> 255785.7
C98: SICRO | D98: E9524 | E98: Motoniveladora | F98: h/mês | G98: 11 | H98: 45 | I98: =G98*H98 -> 495 | L98: =VLOOKUP(D98,'CUSTOS SICRO_SINAPI'!A:D,4,FALSE) -> 228.2013 | N98: =TRUNC(I98*L98,2) -> 112959.64
B99: 2.2.2 | E99: Apoio logístico - Pré-moldados | M99: =IF(D99="","",VLOOKUP(D99,'[1]SICRO EQUIP'!$A$5:$K$369,11,FALSE))
C100: SICRO | D100: E9686 | E100: Caminhão guindauto | F100: h/mês | G100: 20 | H100: 10 | I100: =G100*H100 -> 200 | L100: =VLOOKUP(D100,'CUSTOS SICRO_SINAPI'!A:D,4,FALSE) -> 300.662 | N100: =TRUNC(I100*L100,2) -> 60132.4
B101: TOTAL | N101: =N86+N8 -> 16776793
B104: DESPESAS DIVERSAS (5%) | N104: =TRUNC(N101*0.05,2) -> 838839.64
B106: TOTAL COM DESPESAS DIVERSAS | N106: 17615633
...

Sheet Plan3
A5: CÓDIGO | B5: DESCRIÇÃO | C5: UNIDADE | D5: SALÁRIO | E5: ENCARGOS | F5: CUSTO UNITÁRIO
A6: P9801 | B6: Ajudante | C6: h | D6: 5.9926 | E6: 1.698815 | F6: 16.1729
A7: P9802 | B7: Ajudante especializado | C7: h | D7: 7.1911 | E7: 1.677143 | F7: 19.2516
A8: P9804 | B8: Apontador | C8: mês | D8: 1500.4 | E8: 1.284693 | F8: 3427.9533
A9: P9805 | B9: Armador | C9: h | D9: 7.1209 | E9: 1.697223 | F9: 19.2066
A10: P9806 | B10: Auxiliar administrativo | C10: mês | D10: 1601.2552 | E10: 1.161292 | F10: 3460.78
A11: P9807 | B11: Bombeiro hidráulico | C11: h | D11: 16.9968 | E11: 1.314578 | F11: 39.3404
A12: P9808 | B12: Carpinteiro | C12: h | D12: 6.9936 | E12: 1.585596 | F12: 18.0826
A13: P9809 | B13: Encarregado administrativo | C13: mês | D13: 2689.7932 | E13: 1.052167 | F13: 5519.9048
A14: P9810 | B14: Eletricista | C14: h | D14: 8.2737 | E14: 1.608485 | F14: 21.5818
A15: P9811 | B15: Encarregado especializado | C15: mês | D15: 3943.4344 | E15: 1.022415 | F15: 7975.2608
A16: P9812 | B16: Engenheiro | C16: mês | D16: 11574.434 | E16: 0.929552 | F16: 22333.472
A17: P9814 | B17: Operacional | C17: mês | D17: 1660.54 | E17: 1.058626 | F17: 3418.4308
... A103: P9956 | B103: Motorista de caminhão com periculosidade | C103: h | D103: 8.3465 | E103: 1.822264 | F103: 26.0599

Sheet Parcela Vinculada (M.O)
A1: EQUIPE DE PRODUÇÃO DE TERRAPLENAGEM
A2: Item | B2: Cód. SICRO | C2: Descrição dos Itens | D2: Unidade | E2: Quantidades | F2: Custo Unit. (R$) | G2: Custo Total (R$)
A3: 1. | C3: Equipe de Produção de Terraplenagem
A4: 1.1 | C4: Mão de Obra
A5: 1.1.1 | B5: P9884 | C5: Encarregado de terraplenagem | D5: mês | E5: 1 | F5: =3565.3852*I5 -> 7056.1647 | G5: =E5*F5 -> 7056.1647 | I5: 1.979075
A6: Subtotal Item 1.1 | G6: =G5 -> 7056.1647
A7: Veículos | G7: ='Parcela Vinculada (Veículos) '!K9 -> 2327.2392
A8: Equipe de Produção de Terraplenagem | G8: =G6+G7 -> 9383.4039
A10: EQUIPE DE PRODUÇÃO DE PAVIMENTAÇÃO
A11: Item | C11: Descrição dos Itens | D11: Unidade | E11: Quantidades | F11: Custo Unit. (R$) | G11: Custo Total (R$)
A12: 2. | C12: Equipe de Produção de Pavimentação
A13: 2.1 | C13: Mão de Obra
A14: 2.1.1 | B14: P9893 | C14: Encarregado de Pavimentação | D14: mês | E14: 1 | F14: =F5 -> 7056.1647 | G14: =E14*F14 -> 7056.1647 | I14: =I5 -> 1.979075
A15: Subtotal Item 2.1 | G15: =G14 -> 7056.1647
A16: Veículos | G16: ='Parcela Vinculada (Veículos) '!K13 -> 2327.2392
A17: EQUIPE DE PRODUÇÃO DE PAVIMENTAÇÃO | G17: =G15+G16 -> 9383.4039
A19: EQUIPE DE PRODUÇÃO DE TOPOGRAFIA
A20: Item | C20: Descrição dos Itens | D20: Unidade | E20: Quantidades | F20: Custo Unit. (R$) | G20: Custo Total (R$)
A21: 3. | C21: Equipe de Topografia
A22: 3.1 | C22: Mão de Obra
A23: 3.1.1 | B23: P9949 | C23: Topógrafo | D23: mês | E23: 1 | F23: =1793.4354*I23 -> 3711.6293 | G23: =E23*F23 -> 3711.6293 | I23: 2.069564
A24: 3.1.2 | B24: P9950 | C24: Auxiliar de Topografia | D24: mês | E24: 1 | F24: =1312.561*I24 -> 2757.7655 | G24: =E24*F24 -> 2757.7655 | I24: 2.101057
A25: Subtotal Item 3.1 | G25: =G23+G24 -> 6469.3948
A26: Veículos | G26: ='Parcela Vinculada (Veículos) '!K18 -> 10520.563
A27: Equipe de Produção de Topografia | G27: =G25+G26 -> 16989.958
A29: EQUIPE DE MEDICINA E SEGURANÇA DO TRABALHO
A30: Item | C30: Descrição dos Itens | D30: Unidade | E30: Quantidades | F30: Custo Unit. (R$) | G30: Custo Total (R$)
A31: 4. | C31: Setor de Medicina e Segurança do Trabalho
A32: 4.1 | C32: Mão de Obra
A33: 4.2 | B33: P9876 | C33: Técnico de segurança do trabalho | D33: mês | E33: 1 | F33: =2577.5745*I33 -> 5125.9477 | G33: =E33*F33 -> 5125.9477 | I33: 1.988671
A34: 4.3 | B34: P9864 | C34: Engenheiro de segurança do trabalho | D34: mês | F34: =10557.388*I34 -> 19347.438 | G34: =E34*F34 -> 0 | I34: 1.832597
A35: 4.4 | B35: P9851 | C35: Médico do trabalho | D35: mês | F35: =11304.5217*I35 -> 21260.504 | G35: =E35*F35 -> 0 | I35: 1.880708
A36: Subtotal Item 3.1 | G36: =G33+G34+G35 -> 5125.9477

Sheet Parcela Vinculada (Veículos) 
A1: PARCELA VINCULADA DA ADMINISTRAÇÃO DE OBRA LOCAL (VEÍCULOS)
A2: Item | C2: Descrição dos Itens | E2: Unidade | F2: Quantidade | G2: Utilização Prod. | H2: Utilização Improd.
B3: Código | I3: Custo Horário | J3: Custo Horário | K3: Custo
B4: SICRO | I4: Produtivo (R$) | J4: Improdutivo (R$) | K4: Total (R$)
A6: 1. | C6: Veículos
A7: 1.1 | C7: Equipe de Produção de Terraplenagem
A8: 1.1.1 | B8: E9093 | C8: Veículo leve - 53 kW | E8: mês | F8: 1 | G8: 44 | H8: 176 | I8: 40.6978 | J8: 3.0485 | K8: =F8*((G8*I8)+(H8*J8)) -> 2327.2392
A9: Subtotal Item 1.1 | K9: =K8 -> 2327.2392
A10: 2. | C10: Veículos
A11: 2.1 | C11: Equipe de Produção de Pavimentação
A12: 2.1.1 | B12: E9093 | C12: Veículo leve - 53 kW | E12: mês | F12: 1 | G12: 44 | H12: 176 | I12: 40.6978 | J12: 3.0485 | K12: =F12*((G12*I12)+(H12*J12)) -> 2327.2392
A13: Subtotal Item 2.1 | K13: =K12 -> 2327.2392
A14: 3. | C14: Veículos
A15: 3.1 | C15: Equipe de Topografia
A16: 3.1.1 | B16: E9093 | C16: Veículo leve - 53 kW | E16: mês | F16: 1 | G16: 44 | H16: 176 | I16: 40.6978 | J16: 3.0485 | K16: =F16*((G16*I16)+(H16*J16)) -> 2327.2392
A17: 3.1.2 | B17: E9125 | C17: Van furgão a diesel - 93 kW | E17: mês | F17: 1 | G17: 44 | H17: 176 | I17: 80.3519 | J17: 26.465 | K17: =F17*((G17*I17)+(H17*J17)) -> 8193.3236
A18: Subtotal Item 3.1 | K18: =K16+K17 -> 10520.563

Sheet Frentes de Serviços
E1: Contratação de empresa para elaboração de projeto executivo execução das obras civis das Estações nº35 e nº36, Via permanente, Subestações Retificadoras (SR63, SR64 e SR65) e implantação dos sistemas fixos referentes à expansão da Linha 1 do Metrô-DF no Trecho Samambaia
B2: EQUIPES DE ACOMPANHAMENTO DAS FRENTES DE SERVIÇO DE TERRAPLENAGEM
B3: Item | C3: Fonte | D3: Código | E3: Descrição dos Itens | F3: Unidade | G3: Quantidade | H3: Produção Horária (un/h) | I3: Efs
B4: 1. | E4: Frentes de Serviço para Terraplenagem | F4: equipe x mês
B5: 1.1 | C5: SICRO | D5: 5502978 | E5: =VLOOKUP(D5,'Curva ABC de Serviços'!A:J,3,FALSE) -> Compactação de aterros a 100% do Proctor normal | F5: =VLOOKUP(D5,'Curva ABC de Serviços'!A:J,5,FALSE) -> m³ | G5: =VLOOKUP(D5,'Curva ABC de Serviços'!A:J,6,FALSE) -> 44.491,84 | H5: 168.2 | I5: =G5/(H5*182.49) -> 1.4494903
B6: 1.2 | C6: SICRO | D6: 5503041 | E6: =VLOOKUP(D6,'Curva ABC de Serviços'!A:J,3,FALSE) -> Compactação de aterros a 100% do Proctor intermediário | F6: =VLOOKUP(D6,'Curva ABC de Serviços'!A:J,5,FALSE) -> m³ | G6: =VLOOKUP(D6,'Curva ABC de Serviços'!A:J,6,FALSE) -> 25.915,0 | H6: 76.89 | I6: =G6/(H6*182.49) -> 1.8468953
B7: Total de Equipes para Terraplenagem | I7: =SUM(I5:I6) -> 3.2963856
B9: EQUIPES DE ACOMPANHAMENTO DAS FRENTES DE SERVIÇO DO SISTEMA VIÁRIO/ VIA PERMANENTE (PAVIMENTAÇÃO)
B10: Item | C10: Fonte | D10: Código | E10: Descrição dos Itens | F10: Unidade | G10: Quantidades | H10: Produção Horária (un/h) | I10: Efs
B11: 2. | E11: Frentes de Serviço para Pavimentação | F11: equipe x mês
B12: 2.1 | C12: PRÓPRIA | D12: 1600436 ADPT | E12: =VLOOKUP(D12,'Curva ABC de Serviços'!A:J,3,FALSE) -> Demolição de meio fio de concreto | F12: =VLOOKUP(D12,'Curva ABC de Serviços'!A:J,5,FALSE) -> m | G12: =VLOOKUP(D12,'Curva ABC de Serviços'!A:J,6,FALSE) -> 4.383,84 | H12: 1.66 | I12: =G12/(H12*182.49) -> 14.4713
B13: 2.2 | C13: SICRO | D13: 4011209 | E13: =VLOOKUP(D13,'Curva ABC de Serviços'!A:J,3,FALSE) -> Regularização do subleito | F13: =VLOOKUP(D13,'Curva ABC de Serviços'!A:J,5,FALSE) -> m² | G13: =VLOOKUP(D13,'Curva ABC de Serviços'!A:J,6,FALSE) -> 105.002,28 | H13: 1121.33 | I13: =G13/(H13*182.49) -> 0.51312859
B14: 2.3 | C14: SICRO | D14: 4011276 | E14: =VLOOKUP(D14,'Curva ABC de Serviços'!A:J,3,FALSE) -> Base ou sub-base de brita graduada com brita comercial | F14: =VLOOKUP(D14,'Curva ABC de Serviços'!A:J,5,FALSE) -> m³ | G14: =VLOOKUP(D14,'Curva ABC de Serviços'!A:J,6,FALSE) -> 17.059,375 | H14: 113.18 | I14: =G14/(H14*182.49) -> 0.82595114
B15: 2.4 | C15: PRÓPRIA | D15: 4011300 ADPT | E15: =VLOOKUP(D15,'Curva ABC de Serviços'!A:J,3,FALSE) -> Base ou sub-base de solo melhorado com 3% de cal e mistura na pista | F15: =VLOOKUP(D15,'Curva ABC de Serviços'!A:J,5,FALSE) -> m³ | G15: =VLOOKUP(D15,'Curva ABC de Serviços'!A:J,6,FALSE) -> 4.185,13 | H15: 150.88 | I15: =G15/(H15*182.49) -> 0.15199812
B16: 2.5 | C16: SICRO | D16: 5503041 | E16: =VLOOKUP(D16,'Curva ABC de Serviços'!A:J,3,FALSE) -> Compactação de aterros a 100% do Proctor intermediário | F16: =VLOOKUP(D16,'Curva ABC de Serviços'!A:J,5,FALSE) -> m³ | G16: =VLOOKUP(D16,'Curva ABC de Serviços'!A:J,6,FALSE) -> 25.915,0 | H16: 76.89 | I16: =G16/(H16*182.49) -> 1.8468953
B17: 2.6 | C17: SICRO | D17: 4011351 | E17: =VLOOKUP(D17,'Curva ABC de Serviços'!A:J,3,FALSE) -> Imprimação com asfalto diluído | F17: =VLOOKUP(D17,'Curva ABC de Serviços'!A:J,5,FALSE) -> m² | G17: =VLOOKUP(D17,'Curva ABC de Serviços'!A:J,6,FALSE) -> 114.749,88 | H17: 1125 | I17: =G17/(H17*182.49) -> 0.55893415
B18: 2.7 | C18: SICRO | D18: 4011354 | E18: =VLOOKUP(D18,'Curva ABC de Serviços'!A:J,3,FALSE) -> Pintura de ligação - emulsão com polímero | F18: =VLOOKUP(D18,'Curva ABC de Serviços'!A:J,5,FALSE) -> m² | G18: =VLOOKUP(D18,'Curva ABC de Serviços'!A:J,6,FALSE) -> 52.873,29 | H18: 1500 | I18: =G18/(H18*182.49) -> 0.19315502
B19: 2.8 | C19: SICRO | D19: 1106057 | E19: =VLOOKUP(D19,'Curva ABC de Serviços'!A:J,3,FALSE) -> Concreto magro - confecção em betoneira e lançamento manual - areia e brita comerciais | F19: =VLOOKUP(D19,'Curva ABC de Serviços'!A:J,5,FALSE) -> m³ | G19: =VLOOKUP(D19,'Curva ABC de Serviços'!A:J,6,FALSE) -> 819,92 | H19: 3.92899 | I19: =G19/(H19*182.49) -> 1.1435403
B20: 2.9 | C20: SICRO | D20: 2003850 | E20: =VLOOKUP(D20,'Curva ABC de Serviços'!A:J,3,FALSE) -> Lastro de brita comercial compactado com soquete vibratório - espalhamento manual | F20: =VLOOKUP(D20,'Curva ABC de Serviços'!A:J,5,FALSE) -> m³ | G20: =VLOOKUP(D20,'Curva ABC de Serviços'!A:J,6,FALSE) -> 1.131,53 | H20: 3.57938 | I20: =G20/(H20*182.49) -> 1.7322844
B21: 2.10 | C21: SICRO | D21: 4011370 | E21: =VLOOKUP(D21,'Curva ABC de Serviços'!A:J,3,FALSE) -> Tratamento superficial duplo com emulsão - brita comercial | F21: =VLOOKUP(D21,'Curva ABC de Serviços'!A:J,5,FALSE) -> m² | G21: =VLOOKUP(D21,'Curva ABC de Serviços'!A:J,6,FALSE) -> 19.230,86 | H21: 361.93 | I21: =G21/(H21*182.49) -> 0.29116224
B22: 2.11 | C22: SICRO | D22: 4011463 | E22: =VLOOKUP(D22,'Curva ABC de Serviços'!A:J,3,FALSE) -> Concreto asfáltico - faixa C - areia e brita comerciais | F22: =VLOOKUP(D22,'Curva ABC de Serviços'!A:J,5,FALSE) -> t | G22: =VLOOKUP(D22,'Curva ABC de Serviços'!A:J,6,FALSE) -> 5.899,54 | H22: 99.6 | I22: =G22/(H22*182.49) -> 0.32457849
B23: 2.12 | C23: SICRO | D23: 4011533 | E23: =VLOOKUP(D23,'Curva ABC de Serviços'!A:J,3,FALSE) -> Pavimento de concreto com fôrmas deslizantes - areia e brita comerciais | F23: =VLOOKUP(D23,'Curva ABC de Serviços'!A:J,5,FALSE) -> m³ | G23: =VLOOKUP(D23,'Curva ABC de Serviços'!A:J,6,FALSE) -> 152,87 | H23: 124.5 | I23: =G23/(H23*182.49) -> 0.0067284316
B24: 2.13 | C24: SICRO | D24: 5915321 | E24: =VLOOKUP(D24,'Curva ABC de Serviços'!A:J,3,FALSE) -> Transporte com caminhão basculante de 14 m³ - rodovia pavimentada | F24: =VLOOKUP(D24,'Curva ABC de Serviços'!A:J,5,FALSE) -> tkm | G24: =VLOOKUP(D24,'Curva ABC de Serviços'!A:J,6,FALSE) -> 14.688.257,4865632 | H24: 522.9 | I24: =G24/(H24*182.49) -> 153.92621
B25: 2.14 | C25: SINAPI | D25: 94991 | E25: =VLOOKUP(D25,'Curva ABC de Serviços'!A:J,3,FALSE) -> EXECUÇÃO DE PASSEIO (CALÇADA) OU PISO DE CONCRETO COM CONCRETO MOLDADO IN LOCO, USINADO, ACABAMENTO CONVENCIONAL, NÃO ARMADO. AF_07/2016 | F25: =VLOOKUP(D25,'Curva ABC de Serviços'!A:J,5,FALSE) -> m³ | G25: =VLOOKUP(D25,'Curva ABC de Serviços'!A:J,6,FALSE) -> 974,26 | H25: 1 | I25: =G25/(H25*182.49) -> 5.3387035
B26: 2.15 | C26: SICRO | D26: 4011480 | E26: =VLOOKUP(D26,'Curva ABC de Serviços'!A:J,3,FALSE) -> Fresagem descontínua de revestimento asfáltico | F26: =VLOOKUP(D26,'Curva ABC de Serviços'!A:J,5,FALSE) -> m³ | G26: =VLOOKUP(D26,'Curva ABC de Serviços'!A:J,6,FALSE) -> 4,13 | H26: 49.2 | I26: =G26/(H26*182.49) -> 0.00045998734
B27: 2.16 | C27: SICRO | D27: 4915667 | E27: =VLOOKUP(D27,'Curva ABC de Serviços'!A:J,3,FALSE) -> Remoção mecanizada de revestimento asfáltico | F27: =VLOOKUP(D27,'Curva ABC de Serviços'!A:J,5,FALSE) -> m³ | G27: =VLOOKUP(D27,'Curva ABC de Serviços'!A:J,6,FALSE) -> 467,8 | H27: 76.5 | I27: =G27/(H27*182.49) -> 0.033508864
... B36: 2.25 | C36: SICRO | D36: 5216111 | E36: =VLOOKUP(D36,'Curva ABC de Serviços'!A:J,3,FALSE) -> Suporte para placa de sinalização em madeira de lei tratada 8 x 8 cm - fornecimento e implantação | F36: =VLOOKUP(D36,'Curva ABC de Serviços'!A:J,5,FALSE) -> un | G36: =VLOOKUP(D36,'Curva ABC de Serviços'!A:J,6,FALSE) -> 216,0 | H36: 4 | I36: =G36/(H36*182.49) -> 0.29590663
B37: 2.26 | C37: PRÓPRIA | D37: M1301002 | E37: =VLOOKUP(D37,'Curva ABC de Serviços'!A:J,3,FALSE) -> DELINEADOR / SINALIZADOR (CATADIÓPTRICO) PARA DEFENSA METÁLICA | F37: =VLOOKUP(D37,'Curva ABC de Serviços'!A:J,5,FALSE) -> UN | G37: =VLOOKUP(D37,'Curva ABC de Serviços'!A:J,6,FALSE) -> 18,0 | H37: 1 | I37: =G37/(H37*182.49) -> 0.098635542
B38: Total de Equipes para Pavimentação | I38: =SUM(I12:I37) -> 182.20597
B40: EQUIPES DE ACOMPANHAMENTO DAS FRENTES DE SERVIÇO DE DRENAGEM/EMISSÁRIO
B41: Item | C41: Fonte | D41: Código | E41: Descrição dos Itens | F41: Unidade | G41: Quantidades | H41: Efsdu | I41: Efs
B42: 3. | E42: Frentes de Serviço de Drenagem | F42: equipe x mês
B43: 3.1 | E43: =E100 -> Tabela 01 - Coeficientes para cálculo das equipes de acompanhamento por unidade de serviço para os dispositivos de drenagem lineares
B44: 3.1.1 | C44: SICRO | D44: 2003309 | E44: =VLOOKUP(D44,'Curva ABC de Serviços'!A:J,3,FALSE) -> Valeta de proteção de cortes com revestimento de concreto - VPC 04 - escavação mecânica - areia e brita comerciais | F44: =VLOOKUP(D44,'Curva ABC de Serviços'!A:J,5,FALSE) -> m | G44: =VLOOKUP(D44,'Curva ABC de Serviços'!A:J,6,FALSE) -> 1.021,5 | H44: 0.00028 | I44: =G44*H44 -> 0.28602
B45: 3.1.2 | C45: SICRO | D45: 2003399 | E45: =VLOOKUP(D45,'Curva ABC de Serviços'!A:J,3,FALSE) -> Descida d’água de cortes em degraus - DCD 02 - areia e brita comerciais | F45: =VLOOKUP(D45,'Curva ABC de Serviços'!A:J,5,FALSE) -> m | G45: =VLOOKUP(D45,'Curva ABC de Serviços'!A:J,6,FALSE) -> 23,0 | H45: 0.00028 | I45: =G45*H45 -> 0.00644
B46: 3.1.3 | C46: SINAPI | D46: 94273 | E46: =VLOOKUP(D46,'Curva ABC de Serviços'!A:J,3,FALSE) -> ASSENTAMENTO DE GUIA (MEIO-FIO) EM TRECHO RETO, CONFECCIONADA EM CONCRETO PRÉ-FABRICADO, DIMENSÕES 100X15X13X30 CM (COMPRIMENTO X BASE INFERIOR X BASE SUPERIOR X ALTURA), PARA VIAS URBANAS (USO VIÁRIO). AF_06/2016 | F46: =VLOOKUP(D46,'Curva ABC de Serviços'!A:J,5,FALSE) -> M | G46: =VLOOKUP(D46,'Curva ABC de Serviços'!A:J,6,FALSE) -> 10.644,75 | H46: 0.00021 | I46: =G46*H46 -> 2.2353975
B47: 3.1.4 | C47: SINAPI | D47: 94277 | E47: MEIO-FIO OU GUIA DE CONCRETO PRE-MOLDADO, COMP 80 CM, 25 X 08/08 CM (H X L1/L2) | F47: M | G47: 6710 | H47: 0.00021 | I47: =G47*H47 -> 1.4091
B49: 3.2 | E49: =E108 -> Tabela 02 - Coeficientes para cálculo das equipes de acompanhamento por unidade de serviço para os corpos de bueiros tubulares de concreto
B50: 3.2.1 | C50: SICRO | D50: 804017 | E50: =VLOOKUP(D50,'Curva ABC de Serviços'!A:J,3,FALSE) -> Corpo de BSTC D = 0,40 m PA3 - areia, brita e pedra de mão comerciais | F50: =VLOOKUP(D50,'Curva ABC de Serviços'!A:J,5,FALSE) -> m | G50: =VLOOKUP(D50,'Curva ABC de Serviços'!A:J,6,FALSE) -> 63,0 | H50: 0.00073 | I50: =G50*H50 -> 0.04599
B51: 3.2.2 | C51: SICRO | D51: 804021 | E51: =VLOOKUP(D51,'Curva ABC de Serviços'!A:J,3,FALSE) -> Corpo de BSTC D = 0,60 m PA1 - areia, brita e pedra de mão comerciais | F51: =VLOOKUP(D51,'Curva ABC de Serviços'!A:J,5,FALSE) -> m | G51: =VLOOKUP(D51,'Curva ABC de Serviços'!A:J,6,FALSE) -> 329,0 | H51: 0.00099 | I51: =G51*H51 -> 0.32571
B52: 3.2.3 | C52: SICRO | D52: 804025 | E52: =VLOOKUP(D52,'Curva ABC de Serviços'!A:J,3,FALSE) -> Corpo de BSTC D = 0,60 m PA3 - areia, brita e pedra de mão comerciais | F52: =VLOOKUP(D52,'Curva ABC de Serviços'!A:J,5,FALSE) -> m | G52: =VLOOKUP(D52,'Curva ABC de Serviços'!A:J,6,FALSE) -> 547,5 | H52: 0.00099 | I52: =G52*H52 -> 0.542025
B53: 3.2.4 | C53: SICRO | D53: 804029 | E53: =VLOOKUP(D53,'Curva ABC de Serviços'!A:J,3,FALSE) -> Corpo de BSTC D = 0,80 m PA1 - areia, brita e pedra de mão comerciais | F53: =VLOOKUP(D53,'Curva ABC de Serviços'!A:J,5,FALSE) -> m | G53: =VLOOKUP(D53,'Curva ABC de Serviços'!A:J,6,FALSE) -> 131,0 | H53: 0.00131 | I53: =G53*H53 -> 0.17161
B54: 3.2.5 | C54: SICRO | D54: 804033 | E54: =VLOOKUP(D54,'Curva ABC de Serviços'!A:J,3,FALSE) -> Corpo de BSTC D = 0,80 m PA3 - areia, brita e pedra de mão comerciais | F54: =VLOOKUP(D54,'Curva ABC de Serviços'!A:J,5,FALSE) -> m | G54: =VLOOKUP(D54,'Curva ABC de Serviços'!A:J,6,FALSE) -> 911,8 | H54: 0.00131 | I54: =G54*H54 -> 1.194458
B55: 3.2.6 | C55: SICRO | D55: 804037 | E55: =VLOOKUP(D55,'Curva ABC de Serviços'!A:J,3,FALSE) -> Corpo de BSTC D = 1,00 m PA1 - areia, brita e pedra de mão comerciais | F55: =VLOOKUP(D55,'Curva ABC de Serviços'!A:J,5,FALSE) -> m | G55: =VLOOKUP(D55,'Curva ABC de Serviços'!A:J,6,FALSE) -> 334,5 | H55: 0.00164 | I55: =G55*H55 -> 0.54858
B56: 3.2.7 | C56: SICRO | D56: 804039 | E56: =VLOOKUP(D56,'Curva ABC de Serviços'!A:J,3,FALSE) -> Corpo de BSTC D = 1,00 m PA2 - areia, brita e pedra de mão comerciais | F56: =VLOOKUP(D56,'Curva ABC de Serviços'!A:J,5,FALSE) -> m | G56: =VLOOKUP(D56,'Curva ABC de Serviços'!A:J,6,FALSE) -> 127,5 | H56: 0.00164 | I56: =G56*H56 -> 0.2091
B57: 3.2.8 | C57: SICRO | D57: 804041 | E57: =VLOOKUP(D57,'Curva ABC de Serviços'!A:J,3,FALSE) -> Corpo de BSTC D = 1,00 m PA3 - areia, brita e pedra de mão comerciais | F57: =VLOOKUP(D57,'Curva ABC de Serviços'!A:J,5,FALSE) -> m | G57: =VLOOKUP(D57,'Curva ABC de Serviços'!A:J,6,FALSE) -> 222,5 | H57: 0.00164 | I57: =G57*H57 -> 0.3649
B58: 3.2.9 | C58: SICRO | D58: 804047 | E58: =VLOOKUP(D58,'Curva ABC de Serviços'!A:J,3,FALSE) -> Corpo de BSTC D = 1,20 m PA2 - areia, brita e pedra de mão comerciais | F58: =VLOOKUP(D58,'Curva ABC de Serviços'!A:J,5,FALSE) -> m | G58: =VLOOKUP(D58,'Curva ABC de Serviços'!A:J,6,FALSE) -> 347,0 | H58: 0.00209 | I58: =G58*H58 -> 0.72523
B59: 3.2.10 | C59: SICRO | D59: 804053 | E59: =VLOOKUP(D59,'Curva ABC de Serviços'!A:J,3,FALSE) -> Corpo de BSTC D = 1,50 m PA1 - areia, brita e pedra de mão comerciais | F59: =VLOOKUP(D59,'Curva ABC de Serviços'!A:J,5,FALSE) -> m | G59: =VLOOKUP(D59,'Curva ABC de Serviços'!A:J,6,FALSE) -> 1.084,5 | H59: 0.00276 | I59: =G59*H59 -> 2.99322
B60: 3.2.11 | C60: SICRO | D60: 804055 | E60: =VLOOKUP(D60,'Curva ABC de Serviços'!A:J,3,FALSE) -> Corpo de BSTC D = 1,50 m PA2 - areia, brita e pedra de mão comerciais | F60: =VLOOKUP(D60,'Curva ABC de Serviços'!A:J,5,FALSE) -> m | G60: =VLOOKUP(D60,'Curva ABC de Serviços'!A:J,6,FALSE) -> 344,5 | H60: 0.00276 | I60: =G60*H60 -> 0.95082
B62: 3.3 | E62: =E118 -> Tabela 03 - Coeficientes para cálculo das equipes de acompanhamento por unidade de serviço para as bocas de bueiros tubulares de concreto
B64: 3.4 | E64: =E128 -> Tabela 04 - Coeficientes para cálculo das equipes de acompanhamento por unidade de serviço para os corpos de bueiros celulares de concreto moldados “in loco”
B66: 3.5 | E66: =E136 -> Tabela 05 - Coeficientes para cálculo das equipes de acompanhamento por unidade de serviço para os corpos de bueiros celulares de concreto pré-moldados
B67: 3.9 | C67: PRÓPRIA | D67: 6817835 ADPT | E67: =VLOOKUP(D67,'Curva ABC de Serviços'!A:J,3,FALSE) -> Corpo de BSCC - seção fechada de 1,8 x 1,8 m - pré-moldado - altura do aterro de 5,00 a 7,50 m - areia e brita comerciais | F67: =VLOOKUP(D67,'Curva ABC de Serviços'!A:J,5,FALSE) -> m | G67: =VLOOKUP(D67,'Curva ABC de Serviços'!A:J,6,FALSE) -> 35,0 | H67: 0.00058 | I67: =G67*H67 -> 0.0203
B68: 3.10 | C68: SICRO | D68: 6817849 | E68: =VLOOKUP(D68,'Curva ABC de Serviços'!A:J,3,FALSE) -> Corpo de BSCC - seção fechada de 2,0 x 2,0 m - pré-moldado - altura do aterro de 5,00 a 7,50 m - areia e brita comerciais | F68: =VLOOKUP(D68,'Curva ABC de Serviços'!A:J,5,FALSE) -> m | G68: =VLOOKUP(D68,'Curva ABC de Serviços'!A:J,6,FALSE) -> 360,0 | H68: 0.00063 | I68: =G68*H68 -> 0.2268
B69: 3.11 | C69: PRÓPRIA | D69: 6817845 ADPT | E69: =VLOOKUP(D69,'Curva ABC de Serviços'!A:J,3,FALSE) -> Corpo de BSCC - seção fechada de 2,2 x 2,2 m - pré-moldado - altura do aterro de 1,00 a 2,50 m - areia e brita comerciais | F69: =VLOOKUP(D69,'Curva ABC de Serviços'!A:J,5,FALSE) -> m | G69: =VLOOKUP(D69,'Curva ABC de Serviços'!A:J,6,FALSE) -> 403,5 | H69: 0.00069 | I69: =G69*H69 -> 0.278415
B70: 3.12 | C70: PRÓPRIA | D70: 6817847 ADPT | E70: =VLOOKUP(D70,'Curva ABC de Serviços'!A:J,3,FALSE) -> Corpo de BSCC - seção fechada de 2,2 x 2,2 m - pré-moldado - altura do aterro de 2,50 a 5,00 m - areia e brita comerciais | F70: =VLOOKUP(D70,'Curva ABC de Serviços'!A:J,5,FALSE) -> m | G70: =VLOOKUP(D70,'Curva ABC de Serviços'!A:J,6,FALSE) -> 1.191,0 | H70: 0.00069 | I70: =G70*H70 -> 0.82179
B71: 3.13 | C71: PRÓPRIA | D71: 6817849 ADPT | E71: =VLOOKUP(D71,'Curva ABC de Serviços'!A:J,3,FALSE) -> Corpo de BSCC - seção fechada de 2,2 x 2,2 m - pré-moldado - altura do aterro de 5,00 a 7,50 m - areia e brita comerciais | F71: =VLOOKUP(D71,'Curva ABC de Serviços'!A:J,5,FALSE) -> m | G71: =VLOOKUP(D71,'Curva ABC de Serviços'!A:J,6,FALSE) -> 276,0 | H71: 0.00069 | I71: =G71*H71 -> 0.19044
B73: 3.6 | E73: =E144 -> Tabela 06 - Coeficientes para cálculo das equipes de acompanhamento por unidade de serviço para execução de bocas de bueiros celulares de concreto
B75: 3.7 | E75: Composições de custos que apresentam produção horária dos serviços
B76: 3.4 | C76: PRÓPRIA | D76: 0605571 ADPT | E76: =VLOOKUP(D76,'Curva ABC de Serviços'!A:J,3,FALSE) -> Bueiro metálico sem interrupção de tráfego (Tunnel Liner) - D = 1,20 m - chapa com epóxi - E = 2,2 mm - escavado em material de 1ª categoria | F76: =VLOOKUP(D76,'Curva ABC de Serviços'!A:J,5,FALSE) -> m | G76: =VLOOKUP(D76,'Curva ABC de Serviços'!A:J,6,FALSE) -> 336,0 | H76: 0.288 | I76: =G76/(H76*182.49) -> 6.3930444
B77: 3.5 | C77: PRÓPRIA | D77: 0605578 ADPT1 | E77: =VLOOKUP(D77,'Curva ABC de Serviços'!A:J,3,FALSE) -> Bueiro metálico sem interrupção de tráfego (Tunnel Liner) - D = 2,60 m - chapa com epóxi - E = 2,2 mm - escavado em material de 1ª categoria | F77: =VLOOKUP(D77,'Curva ABC de Serviços'!A:J,5,FALSE) -> m | G77: =VLOOKUP(D77,'Curva ABC de Serviços'!A:J,6,FALSE) -> 68,95 | H77: 0.2 | I77: =G77/(H77*182.49) -> 1.8891446
B78: 3.6 | C78: PRÓPRIA | D78: 0605578 ADPT2 | E78: =VLOOKUP(D78,'Curva ABC de Serviços'!A:J,3,FALSE) -> Bueiro metálico sem interrupção de tráfego (Tunnel Liner) - D = 2,60 m - chapa com epóxi - E = 2,7 mm - escavado em material de 1ª categoria | F78: =VLOOKUP(D78,'Curva ABC de Serviços'!A:J,5,FALSE) -> m | G78: =VLOOKUP(D78,'Curva ABC de Serviços'!A:J,6,FALSE) -> 170,32 | H78: 0.2 | I78: =G78/(H78*182.49) -> 4.6665571
B79: 3.7 | C79: PRÓPRIA | D79: 0605842 ADPT | E79: =VLOOKUP(D79,'Curva ABC de Serviços'!A:J,3,FALSE) -> Bueiro metálico sem interrupção de tráfego (Tunnel Liner) - D = 2,60 m - chapa com epóxi - E = 3,4mm - escavado em material de 1ª categoria | F79: =VLOOKUP(D79,'Curva ABC de Serviços'!A:J,5,FALSE) -> m | G79: =VLOOKUP(D79,'Curva ABC de Serviços'!A:J,6,FALSE) -> 133,52 | H79: 0.2 | I79: =G79/(H79*182.49) -> 3.6582826
B80: 3.8 | C80: PRÓPRIA | D80: 0605523 ADPT | E80: =VLOOKUP(D80,'Curva ABC de Serviços'!A:J,3,FALSE) -> Bueiro metálico sem interrupção de tráfego (Tunnel Liner) - D = 5,00 m - chapa galvanizada - E = 3,9 mm - escavado em material de 1ª categoria | F80: =VLOOKUP(D80,'Curva ABC de Serviços'!A:J,5,FALSE) -> m | G80: =VLOOKUP(D80,'Curva ABC de Serviços'!A:J,6,FALSE) -> 16,37 | H80: 0.136 | I80: =G80/(H80*182.49) -> 0.65958489
B81: 3.28 | C81: SICRO | D81: 1207711 | E81: =VLOOKUP(D81,'Curva ABC de Serviços'!A:J,3,FALSE) -> Concreto projetado via seca fck = 20 MPa aplicado em superfícies inclinadas e verticais | F81: =VLOOKUP(D81,'Curva ABC de Serviços'!A:J,5,FALSE) -> m³ | G81: =VLOOKUP(D81,'Curva ABC de Serviços'!A:J,6,FALSE) -> 78,74 | H81: 2.50992 | I81: =G81/(H81*182.49) -> 0.17190815
B82: 3.29 | C82: SINAPI | D82: 91595 | E82: =VLOOKUP(D82,'Curva ABC de Serviços'!A:J,3,FALSE) -> ARMAÇÃO DO SISTEMA DE PAREDES DE CONCRETO, EXECUTADA EM PAREDES DE EDIFICAÇÕES TÉRREAS, TELA Q-61. AF_06/2019 | F82: =VLOOKUP(D82,'Curva ABC de Serviços'!A:J,5,FALSE) -> KG | G82: =VLOOKUP(D82,'Curva ABC de Serviços'!A:J,6,FALSE) -> 1.680,22 | H82: 16.12 | I82: =G82/(H82*182.49) -> 0.5711656
B83: Total de Equipes para Drenagem/Emissaário | I83: =SUM(I43:I82) -> 31.556033
B85: QUANTIDADE DE EQUIPES PARA ACOMPANHAMENTO DAS FRENTES DE SERVIÇO DA OBRA | I85: =SUM(I83,I38,I7) -> 217.05839
B88: COMPOSIÇÃO DE CUSTO DA EQUIPE DE FRENTE DE SERVIÇO
B89: Item | C89: Fonte | D89: Código | E89: Descrição dos Itens | F89: Unidade | G89: Quantidades | H89: Custo Unit. (R$) | I89: Custo Total (R$)
B90: 1. | E90: Equipe de Frente de Serviço | F90: equipe x mês
B91: 1.1 | C91: SICRO | D91: P9875 | E91: =VLOOKUP(D91,'CUSTOS SICRO_SINAPI'!A:D,2,FALSE) -> Encarregado de turma | F91: mês | G91: 1 | H91: =VLOOKUP(D91,'CUSTOS SICRO_SINAPI'!A:D,4,FALSE) -> 4278.962 | I91: =H91*G91 -> 4278.962
B92: 1.2 | C92: SICRO | D92: P9804 | E92: =VLOOKUP(D92,'CUSTOS SICRO_SINAPI'!A:D,2,FALSE) -> Apontador | F92: mês | G92: 0.5 | H92: =VLOOKUP(D92,'CUSTOS SICRO_SINAPI'!A:D,4,FALSE) -> 4051.144 | I92: =H92*G92 -> 2025.572
B93: Total da Equipe de Acompanhamento das Frentes de Serviço | I93: =SUM(I91:I92) -> 6304.534
B95: Metodologia SICRO 2017 - Volume 08 Administração Local
E100: Tabela 01 - Coeficientes para cálculo das equipes de acompanhamento por unidade de serviço para os dispositivos de drenagem lineares
E101: Dispositivos de drenagem superficial | F101: Efsdu
E102: Meio fio | F102: 0.00021
E103: Sarjeta de concreto | F103: 0.00019
E104: Valeta de concreto | F104: 0.00028
E105: Sarjeta com ou sem revestimento vegetal | F105: 9e-05
E106: Valeta com ou sem revestimento vegetal | F106: 0.00024
E108: Tabela 02 - Coeficientes para cálculo das equipes de acompanhamento por unidade de serviço para os corpos de bueiros tubulares de concreto
E109: Diâmetro (m) | F109: Efsdu
F110: Corpo BSTC | G110: Corpo BDTC | H110: Corpo BTTC
E111: 0.4 | F111: 0.00073 | G111: 0.00146 | H111: 0.00219
E112: 0.6 | F112: 0.00099 | G112: 0.00198 | H112: 0.00297
E113: 0.8 | F113: 0.00131 | G113: 0.00262 | H113: 0.00393
E114: 1 | F114: 0.00164 | G114: 0.00328 | H114: 0.00492
E115: 1.2 | F115: 0.00209 | G115: 0.00418 | H115: 0.00627
E116: 1.5 | F116: 0.00276 | G116: 0.00552 | H116: 0.00828
E118: Tabela 03 - Coeficientes para cálculo das equipes de acompanhamento por unidade de serviço para as bocas de bueiros tubulares de concreto
E119: Diâmetro (m) | F119: Efsdu
F120: Boca BSTC | G120: Boca BDTC | H120: Boca BTTC
E121: 0.4 | F121: 0.00283 | G121: - | H121: -
E122: 0.6 | F122: 0.00519 | G122: - | H122: -
E123: 0.8 | F123: 0.00834 | G123: 0.00966 | H123: -
E124: 1 | F124: 0.01186 | G124: 0.01374 | H124: 0.01615
E125: 1.2 | F125: 0.01565 | G125: 0.01812 | H125: 0.02123
E126: 1.5 | F126: 0.0256 | G126: 0.02942 | H126: 0.03387
...

Sheet Controle Tecnologico
E1: Contratação de empresa para elaboração de projeto executivo execução das obras civis das Estações nº35 e nº36, Via permanente, Subestações Retificadoras (SR63, SR64 e SR65) e implantação dos sistemas fixos referentes à expansão da Linha 1 do Metrô-DF no Trecho Samambaia
B4: EQUIPES DE LABORATÓRIO DE SOLOS PARA TERRAPLENAGEM
B5: Item | C5: Fonte | D5: Código | E5: Descrição dos Itens | F5: Unidade | G5: Quantidades | H5: QE | I5: Els
B6: 1. | E6: Equipes de Laboratório de Solos para Terraplenagem | F6: equipe x mês
B7: 1.1 | C7: SICRO | D7: 5502978 | E7: =VLOOKUP(D7,'Curva ABC de Serviços'!A:J,3,FALSE) -> Compactação de aterros a 100% do Proctor normal | F7: =VLOOKUP(D7,'Curva ABC de Serviços'!A:J,5,FALSE) -> m³ | G7: =VLOOKUP(D7,'Curva ABC de Serviços'!A:J,6,FALSE) -> 44.491,84 | H7: 169000 | I7: =G7/H7 -> 0.26326533
B8: 1.2 | C8: SICRO | D8: 5503041 | E8: =VLOOKUP(D8,'Curva ABC de Serviços'!A:J,3,FALSE) -> Compactação de aterros a 100% do Proctor intermediário | F8: =VLOOKUP(D8,'Curva ABC de Serviços'!A:J,5,FALSE) -> m³ | G8: =VLOOKUP(D8,'Curva ABC de Serviços'!A:J,6,FALSE) -> 25.915,0 | H8: 24200 | I8: =G8/H8 -> 1.0708678
B9: Total de equipes de laboratório de solos para terraplenagem | I9: =SUM(I7:I8) -> 1.3341331
B12: EQUIPES DE LABORATÓRIO DE SOLOS PARA PAVIMENTAÇÃO
B13: Item | C13: Fonte | D13: Código | E13: Descrição dos Itens | F13: Unidade | G13: Quantidades | H13: QE | I13: Els
B14: 1. | E14: Equipes de Laboratório de Solos para Pavimentação | F14: equipe x mês
B15: 1.1 | C15: SICRO | D15: 4011276 | E15: =VLOOKUP(D15,'Curva ABC de Serviços'!A:J,3,FALSE) -> Base ou sub-base de brita graduada com brita comercial | F15: =VLOOKUP(D15,'Curva ABC de Serviços'!A:J,5,FALSE) -> m³ | G15: =VLOOKUP(D15,'Curva ABC de Serviços'!A:J,6,FALSE) -> 17.059,375 | H15: 21900 | I15: =G15/H15 -> 0.77896689
B16: 1.2 | C16: PRÓPRIA | D16: 4011276 ADPT | E16: =VLOOKUP(D16,'Curva ABC de Serviços'!A:J,3,FALSE) -> Base ou sub-base de bica corrida comercial | F16: =VLOOKUP(D16,'Curva ABC de Serviços'!A:J,5,FALSE) -> m³ | G16: =VLOOKUP(D16,'Curva ABC de Serviços'!A:J,6,FALSE) -> 10.473,76 | H16: 21900 | I16: =G16/H16 -> 0.47825388
B17: 1.3 | C17: PRÓPRIA | D17: 4011347 ADPT | E17: =VLOOKUP(D17,'Curva ABC de Serviços'!A:J,3,FALSE) -> Base ou sub-base de solo melhorado com 3% de cal com recicladora | F17: =VLOOKUP(D17,'Curva ABC de Serviços'!A:J,5,FALSE) -> m³ | G17: =VLOOKUP(D17,'Curva ABC de Serviços'!A:J,6,FALSE) -> 9.205,1 | H17: 11800 | I17: =G17/H17 -> 0.78009322
B18: 1.4 | C18: PRÓPRIA | D18: 4011300 ADPT | E18: =VLOOKUP(D18,'Curva ABC de Serviços'!A:J,3,FALSE) -> Base ou sub-base de solo melhorado com 3% de cal e mistura na pista | F18: =VLOOKUP(D18,'Curva ABC de Serviços'!A:J,5,FALSE) -> m³ | G18: =VLOOKUP(D18,'Curva ABC de Serviços'!A:J,6,FALSE) -> 4.185,13 | H18: 11800 | I18: =G18/H18 -> 0.35467203
B19: Total de equipes de laboratório de solos para pavimentação | I19: =SUM(I15:I18) -> 2.391986
B21: EQUIPES DE LABORATÓRIO DE ASFALTOS
B22: Item | C22: Fonte | D22: Código | E22: Descrição dos Itens | F22: Unidade | G22: Quantidades | H22: QE | I22: Els
B23: 1. | E23: Equipes de Laboratório de Asfaltos | F23: equipe x mês
B24: 1.1 | C24: SICRO | D24: 4011463 | E24: =VLOOKUP(D24,'Curva ABC de Serviços'!A:J,3,FALSE) -> Concreto asfáltico - faixa C - areia e brita comerciais | F24: =VLOOKUP(D24,'Curva ABC de Serviços'!A:J,5,FALSE) -> t | G24: =VLOOKUP(D24,'Curva ABC de Serviços'!A:J,6,FALSE) -> 5.899,54 | H24: 9000 | I24: =G24/H24 -> 0.65550444
B25: 1.2 | C25: SINAPI | D25: 95995 | E25: =VLOOKUP(D25,'Curva ABC de Serviços'!A:J,3,FALSE) -> EXECUÇÃO DE PAVIMENTO COM APLICAÇÃO DE CONCRETO ASFÁLTICO, CAMADA DE ROLAMENTO - EXCLUSIVE CARGA E TRANSPORTE. AF_11/2019 | F25: =VLOOKUP(D25,'Curva ABC de Serviços'!A:J,5,FALSE) -> m³ | G25: =VLOOKUP(D25,'Curva ABC de Serviços'!A:J,6,FALSE) -> 6,135 | H25: 3846.1538 | I25: =G25/H25 -> 0.0015951
B26: 1.3 | C26: SINAPI | D26: 98557 | E26: =VLOOKUP(D26,'Curva ABC de Serviços'!A:J,3,FALSE) -> IMPERMEABILIZAÇÃO DE SUPERFÍCIE COM EMULSÃO ASFÁLTICA, 2 DEMÃOS AF_06/2018 | F26: =VLOOKUP(D26,'Curva ABC de Serviços'!A:J,5,FALSE) -> m² | G26: =VLOOKUP(D26,'Curva ABC de Serviços'!A:J,6,FALSE) -> 41,1 | H26: 123000 | I26: =G26/H26 -> 0.00033414634
B27: 1.4 | C27: PRÓPRIA | D27: 98546 ADPT1 | E27: =VLOOKUP(D27,'Curva ABC de Serviços'!A:J,3,FALSE) -> IMPERMEABILIZAÇÃO DE SUPERFÍCIE COM MANTA ASFÁLTICA, UMA CAMADA, INCLUSIVE APLICAÇÃO DE PRIMER ASFÁLTICO, TIPO III, E=4MM. | F27: =VLOOKUP(D27,'Curva ABC de Serviços'!A:J,5,FALSE) -> m² | G27: =VLOOKUP(D27,'Curva ABC de Serviços'!A:J,6,FALSE) -> 826,96 | H27: 123000 | I27: =G27/H27 -> 0.006723252
B28: 1.5 | C28: PRÓPRIA | D28: 98546 ADPT2 | E28: =VLOOKUP(D28,'Curva ABC de Serviços'!A:J,3,FALSE) -> IMPERMEABILIZAÇÃO DE SUPERFÍCIE COM MANTA ASFÁLTICA, UMA CAMADA, INCLUSIVE APLICAÇÃO DE PRIMER ASFÁLTICO, TIPO IV, E=4MM. | F28: =VLOOKUP(D28,'Curva ABC de Serviços'!A:J,5,FALSE) -> m² | G28: =VLOOKUP(D28,'Curva ABC de Serviços'!A:J,6,FALSE) -> 505,8 | H28: 123000 | I28: =G28/H28 -> 0.0041121951
B29: 1.6 | C29: SICRO | D29: 4011351 | E29: =VLOOKUP(D29,'Curva ABC de Serviços'!A:J,3,FALSE) -> Imprimação com asfalto diluído | F29: =VLOOKUP(D29,'Curva ABC de Serviços'!A:J,5,FALSE) -> m² | G29: =VLOOKUP(D29,'Curva ABC de Serviços'!A:J,6,FALSE) -> 114.749,88 | H29: 1610000 | I29: =G29/H29 -> 0.071273217
B30: Total de equipes de laboratório de asfaltos | I30: =SUM(I24:I28) -> 0.66826914
B32: EQUIPES DE LABORATÓRIO DE CONCRETO
B33: Item | C33: Fonte | D33: Código | E33: Descrição dos Itens | F33: Unidade | G33: Quantidades | H33: QE | I33: Els
B34: 1. | E34: Equipes de Laboratório de Concreto | F34: equipe x mês
B35: 1.1 | C35: SINAPI | D35: 96555 ADPT | E35: =VLOOKUP(D35,'Curva ABC de Serviços'!A:J,3,FALSE) -> CONCRETAGEM DE BLOCOS DE COROAMENTO E VIGAS BALDRAME, FCK 20 MPA, COM USO DE JERICA - LANÇAMENTO, ADENSAMENTO E ACABAMENTO | F35: =VLOOKUP(D35,'Curva ABC de Serviços'!A:J,5,FALSE) -> m³ | G35: =VLOOKUP(D35,'Curva ABC de Serviços'!A:J,6,FALSE) -> 2,36 | H35: 1700 | I35: =G35/H35 -> 0.0013882353
B36: 1.2 | C36: SINAPI | D36: 96557 ADPT | E36: =VLOOKUP(D36,'Curva ABC de Serviços'!A:J,3,FALSE) -> CONCRETAGEM DE BLOCOS DE COROAMENTO E VIGAS BALDRAMES, FCK 25 MPA, COM USO DE BOMBA - LANÇAMENTO, ADENSAMENTO E ACABAMENTO. | F36: =VLOOKUP(D36,'Curva ABC de Serviços'!A:J,5,FALSE) -> m³ | G36: =VLOOKUP(D36,'Curva ABC de Serviços'!A:J,6,FALSE) -> 417,7 | H36: 1700 | I36: =G36/H36 -> 0.24570588
B37: 1.3 | C37: SINAPI | D37: 96557 | E37: =VLOOKUP(D37,'Curva ABC de Serviços'!A:J,3,FALSE) -> CONCRETAGEM DE BLOCOS DE COROAMENTO E VIGAS BALDRAMES, FCK 30 MPA, COM USO DE BOMBA  LANÇAMENTO, ADENSAMENTO E ACABAMENTO. AF_06/2017 | F37: =VLOOKUP(D37,'Curva ABC de Serviços'!A:J,5,FALSE) -> m³ | G37: =VLOOKUP(D37,'Curva ABC de Serviços'!A:J,6,FALSE) -> 1.811,69 | H37: 1700 | I37: =G37/H37 -> 1.0657
B38: 1.4 | C38: SINAPI | D38: 102736 ADPT | E38: =VLOOKUP(D38,'Curva ABC de Serviços'!A:J,3,FALSE) -> CONCRETAGEM DE BOCA PARA BUEIRO, FCK = 25 MPA, COM USO DE BOMBA - LANÇAMENTO, ADENSAMENTO E ACABAMENTO. | F38: =VLOOKUP(D38,'Curva ABC de Serviços'!A:J,5,FALSE) -> m³ | G38: =VLOOKUP(D38,'Curva ABC de Serviços'!A:J,6,FALSE) -> 748,12 | H38: 1700 | I38: =G38/H38 -> 0.44007059
B39: 1.5 | C39: SINAPI | D39: 99439 | E39: =VLOOKUP(D39,'Curva ABC de Serviços'!A:J,3,FALSE) -> CONCRETAGEM DE EDIFICAÇÕES (PAREDES E LAJES) FEITAS COM SISTEMA DE FÔRMAS MANUSEÁVEIS, COM CONCRETO USINADO BOMBEÁVEL FCK 25 MPA - LANÇAMENTO, ADENSAMENTO E ACABAMENTO (EXCLUSIVE BOMBA LANÇA). AF_10/2021 | F39: =VLOOKUP(D39,'Curva ABC de Serviços'!A:J,5,FALSE) -> m³ | G39: =VLOOKUP(D39,'Curva ABC de Serviços'!A:J,6,FALSE) -> 24,39 | H39: 1700 | I39: =G39/H39 -> 0.014347059
B40: 1.6 | C40: SINAPI | D40: 103672 | E40: =VLOOKUP(D40,'Curva ABC de Serviços'!A:J,3,FALSE) -> CONCRETAGEM DE PILARES, FCK = 25 MPA, COM USO DE BOMBA - LANÇAMENTO, ADENSAMENTO E ACABAMENTO. AF_02/2022 | F40: =VLOOKUP(D40,'Curva ABC de Serviços'!A:J,5,FALSE) -> m³ | G40: =VLOOKUP(D40,'Curva ABC de Serviços'!A:J,6,FALSE) -> 1.962,3 | H40: 1700 | I40: =G40/H40 -> 1.1542941
B41: 1.7 | C41: SINAPI | D41: 103672 ADPT | E41: =VLOOKUP(D41,'Curva ABC de Serviços'!A:J,3,FALSE) -> CONCRETAGEM DE PILARES, FCK = 30 MPA, COM USO DE BOMBA - LANÇAMENTO, ADENSAMENTO E ACABAMENTO. | F41: =VLOOKUP(D41,'Curva ABC de Serviços'!A:J,5,FALSE) -> m³ | G41: =VLOOKUP(D41,'Curva ABC de Serviços'!A:J,6,FALSE) -> 1.033,71 | H41: 1700 | I41: =G41/H41 -> 0.60806471
B42: 1.8 | C42: SINAPI | D42: 97096 | E42: =VLOOKUP(D42,'Curva ABC de Serviços'!A:J,3,FALSE) -> CONCRETAGEM DE RADIER, PISO DE CONCRETO OU LAJE SOBRE SOLO, FCK 30 MPA - LANÇAMENTO, ADENSAMENTO E ACABAMENTO. AF_09/2021 | F42: =VLOOKUP(D42,'Curva ABC de Serviços'!A:J,5,FALSE) -> m³ | G42: =VLOOKUP(D42,'Curva ABC de Serviços'!A:J,6,FALSE) -> 742,24 | H42: 1700 | I42: =G42/H42 -> 0.43661176
B43: 1.9 | C43: SINAPI | D43: 103675 ADPT4 | E43: =VLOOKUP(D43,'Curva ABC de Serviços'!A:J,3,FALSE) -> CONCRETAGEM DE VIGAS E LAJES, FCK=20 MPA, PARA LAJES MACIÇAS OU NERVURADAS COM USO DE BOMBA - LANÇAMENTO, ADENSAMENTO E ACABAMENTO. | F43: =VLOOKUP(D43,'Curva ABC de Serviços'!A:J,5,FALSE) -> m³ | G43: =VLOOKUP(D43,'Curva ABC de Serviços'!A:J,6,FALSE) -> 538,338 | H43: 1700 | I43: =G43/H43 -> 0.31666941
B44: 1.10 | C44: SINAPI | D44: 103675 | E44: =VLOOKUP(D44,'Curva ABC de Serviços'!A:J,3,FALSE) -> CONCRETAGEM DE VIGAS E LAJES, FCK=25 MPA, PARA LAJES MACIÇAS OU NERVURADAS COM USO DE BOMBA - LANÇAMENTO, ADENSAMENTO E ACABAMENTO. AF_02/2022 | F44: =VLOOKUP(D44,'Curva ABC de Serviços'!A:J,5,FALSE) -> m³ | G44: =VLOOKUP(D44,'Curva ABC de Serviços'!A:J,6,FALSE) -> 226,25 | H44: 1700 | I44: =G44/H44 -> 0.13308824
B45: 1.11 | C45: SINAPI | D45: 103675 ADPT1 | E45: =VLOOKUP(D45,'Curva ABC de Serviços'!A:J,3,FALSE) -> CONCRETAGEM DE VIGAS E LAJES, FCK=30 MPA, PARA LAJES MACIÇAS OU NERVURADAS COM USO DE BOMBA - LANÇAMENTO, ADENSAMENTO E ACABAMENTO. | F45: =VLOOKUP(D45,'Curva ABC de Serviços'!A:J,5,FALSE) -> m³ | G45: =VLOOKUP(D45,'Curva ABC de Serviços'!A:J,6,FALSE) -> 3.294,37 | H45: 1700 | I45: =G45/H45 -> 1.9378647
B46: 1.12 | C46: SINAPI | D46: 103675 ADPT2 | E46: =VLOOKUP(D46,'Curva ABC de Serviços'!A:J,3,FALSE) -> CONCRETAGEM DE VIGAS E LAJES, FCK=35 MPA, PARA LAJES MACIÇAS OU NERVURADAS COM USO DE BOMBA - LANÇAMENTO, ADENSAMENTO E ACABAMENTO. | F46: =VLOOKUP(D46,'Curva ABC de Serviços'!A:J,5,FALSE) -> m³ | G46: =VLOOKUP(D46,'Curva ABC de Serviços'!A:J,6,FALSE) -> 941,78 | H46: 1700 | I46: =G46/H46 -> 0.55398824
B47: 1.13 | C47: SINAPI | D47: 103675 ADPT3 | E47: =VLOOKUP(D47,'Curva ABC de Serviços'!A:J,3,FALSE) -> CONCRETAGEM DE VIGAS E LAJES, FCK=40 MPA, PARA LAJES MACIÇAS OU NERVURADAS COM USO DE BOMBA - LANÇAMENTO, ADENSAMENTO E ACABAMENTO. | F47: =VLOOKUP(D47,'Curva ABC de Serviços'!A:J,5,FALSE) -> m³ | G47: =VLOOKUP(D47,'Curva ABC de Serviços'!A:J,6,FALSE) -> 1.244,62 | H47: 1700 | I47: =G47/H47 -> 0.73212941
B48: Total de equipes de laboratório de concreto | I48: =SUM(I35:I47) -> 7.6399224
B50: Metodologia SICRO 2017 - Volume 08 Administração Local

Sheet Composição custo laboratórios
D1: Contratação de empresa para elaboração de projeto executivo execução das obras civis das Estações nº35 e nº36, Via permanente, Subestações Retificadoras (SR63, SR64 e SR65) e implantação dos sistemas fixos referentes à expansão da Linha 1 do Metrô-DF no Trecho Samambaia
B2: COMPOSIÇÃO DE CUSTO LABORATÓRIOS
B3: CUSTO DE LABORATÓRIO DE SOLOS
B4: Item | C4: Código | D4: Descrição dos Itens | E4: Unidade | F4: Quantidades | G4: Utilização Produtiva | H4: Utilização Improdutiva | I4: Custo Horário Produtivo (R$) | J4: Custo Horário Improdutivo (R$) | K4: Custo Unit. (R$) | L4: Custo Total (R$)
B5: 1. | D5: Laboratório de Solos (equipe x mês)
B6: 1.1 | D6: Mão de Obra
B7: 1.1.1 | C7: P9858 | D7: =VLOOKUP(C7,'CUSTOS SICRO_SINAPI'!A:D,2,FALSE) -> Laboratorista | E7: mês | F7: 1 | G7: - | H7: - | I7: - | J7: - | K7: =VLOOKUP(C7,'CUSTOS SICRO_SINAPI'!A:D,4,FALSE) -> 4789.4939 | L7: =F7*K7 -> 4789.4939
B8: 1.1.2 | C8: P9833 | D8: =VLOOKUP(C8,'CUSTOS SICRO_SINAPI'!A:D,2,FALSE) -> Auxiliar de laboratório | E8: mês | F8: 2 | G8: - | H8: - | I8: - | J8: - | K8: =VLOOKUP(C8,'CUSTOS SICRO_SINAPI'!A:D,4,FALSE) -> 3668.3171 | L8: =F8*K8 -> 7336.6342
B9: 2. | D9: Veículos
B10: 2.1 | C10: E9125 | D10: =VLOOKUP(C10,'CUSTOS SICRO_SINAPI'!A:D,2,FALSE) -> Van furgão - 93 kW | E10: mês | F10: 1 | G10: 44 | H10: 176 | I10: =VLOOKUP(C10,'CUSTOS SICRO_SINAPI'!A:E,4,FALSE) -> 72.779 | J10: =VLOOKUP(C10,'CUSTOS SICRO_SINAPI'!A:E,5,FALSE) -> 36.4787 | K10: =((I10*G10)+(J10*H10)) -> 9622.5272 | L10: =K10*F10 -> 9622.5272
B11: Total da Equipe do Laboratório de Solos | L11: =SUM(L10,L8,L7) -> 21748.655
B13: CUSTO DE LABORATÓRIO DE ASFALTO
B14: Item | C14: Código | D14: Descrição dos Itens | E14: Unidade | F14: Quantidades | G14: Utilização Produtiva | H14: Utilização Improdutiva | I14: Custo Horário Produtivo (R$) | J14: Custo Horário Improdutivo (R$) | K14: Custo Unit. (R$) | L14: Custo Total (R$)
B15: 2. | D15: Laboratório de Asfalto (equipe x mês)
B16: 2.1 | D16: Mão de Obra
B17: 2.1.1 | C17: P9858 | D17: =VLOOKUP(C17,'CUSTOS SICRO_SINAPI'!A:D,2,FALSE) -> Laboratorista | E17: mês | F17: 1 | G17: - | H17: - | I17: - | J17: - | K17: =VLOOKUP(C17,'CUSTOS SICRO_SINAPI'!A:D,4,FALSE) -> 4789.4939 | L17: =F17*K17 -> 4789.4939
B18: 2.1.2 | C18: P9833 | D18: =VLOOKUP(C18,'CUSTOS SICRO_SINAPI'!A:D,2,FALSE) -> Auxiliar de laboratório | E18: mês | F18: 2 | G18: - | H18: - | I18: - | J18: - | K18: =VLOOKUP(C18,'CUSTOS SICRO_SINAPI'!A:D,4,FALSE) -> 3668.3171 | L18: =F18*K18 -> 7336.6342
B19: 3. | D19: Veículos
B20: 3.1 | C20: E9125 | D20: =VLOOKUP(C20,'CUSTOS SICRO_SINAPI'!A:D,2,FALSE) -> Van furgão - 93 kW | E20: mês | F20: 1 | G20: 44 | H20: 176 | I20: =VLOOKUP(C20,'CUSTOS SICRO_SINAPI'!A:E,4,FALSE) -> 72.779 | J20: =VLOOKUP(C20,'CUSTOS SICRO_SINAPI'!A:E,5,FALSE) -> 36.4787 | K20: =((I20*G20)+(J20*H20)) -> 9622.5272 | L20: =K20*F20 -> 9622.5272
B21: Total da Equipe do Laboratório de Asfalto | L21: =SUM(L20,L18,L17) -> 21748.655
B23: CUSTO DE LABORATÓRIO DE CONCRETO
B24: Item | C24: Código | D24: Descrição dos Itens | E24: Unidade | F24: Quantidades | G24: Utilização Produtiva | H24: Utilização Improdutiva | K24: Custo Unit. (R$) | L24: Custo Total (R$)
B25: 2. | D25: Laboratório de Concreto (equipe x mês)
B26: 2.1 | D26: Mão de Obra
B27: 2.1.1 | C27: P9858 | D27: =VLOOKUP(C27,'CUSTOS SICRO_SINAPI'!A:D,2,FALSE) -> Laboratorista | E27: mês | F27: 1 | G27: - | H27: - | K27: =VLOOKUP(C27,'CUSTOS SICRO_SINAPI'!A:D,4,FALSE) -> 4789.4939 | L27: =F27*K27 -> 4789.4939
B28: 2.1.2 | C28: P9833 | D28: =VLOOKUP(C28,'CUSTOS SICRO_SINAPI'!A:D,2,FALSE) -> Auxiliar de laboratório | E28: mês | F28: 2 | G28: - | H28: - | K28: =VLOOKUP(C28,'CUSTOS SICRO_SINAPI'!A:D,4,FALSE) -> 3668.3171 | L28: =F28*K28 -> 7336.6342
B29: 3. | D29: Veículos
B30: 3.1 | C30: E9125 | D30: =VLOOKUP(C30,'CUSTOS SICRO_SINAPI'!A:D,2,FALSE) -> Van furgão - 93 kW | E30: mês | F30: 1 | G30: 44 | H30: 176 | I30: =VLOOKUP(C30,'CUSTOS SICRO_SINAPI'!A:E,4,FALSE) -> 72.779 | J30: =VLOOKUP(C30,'CUSTOS SICRO_SINAPI'!A:E,5,FALSE) -> 36.4787 | K30: =((I30*G30)+(J30*H30)) -> 9622.5272 | L30: =K30*F30 -> 9622.5272
B31: Total da Equipe do Laboratório de Concreto | L31: =SUM(L30,L28,L27) -> 21748.655
B33: Metodologia SICRO 2017 - Volume 08 Administração Local

Sheet Curva ABC de Serviços
A1: Código | B1: Banco | C1: Descrição | D1: Tipo | E1: Und | F1: Quant. | G1: Valor Unit | H1: Total | I1: Peso (%) | J1: Peso Acumulado (%) | K1: SEQ
A2: M1401131 | B2: Próprio | C2: Fornecimento do conjunto condutor de terceiro trilho, com capacidade nominal de 2900 A, completo, incluindo todos os componentes necessários para montagem do conjunto (Viga I, barras de alumínio, suportes, tirefondes, capas, espaçadores, garras, dentre outros). O conjunto condutor deverá atender as características técnicas indicadas na especificação técnica ET.4/EF.99/00.301. Quantitativo conforme Lista de Material LM.3/EF.99/00.302. | D2: SEDI - SERVIÇOS DIVERSOS | E2: m | F2: 8.567,0 | G2: 2.830,24 | H2: 24.246.666,08 | I2: 8,34 | J2: 8,34 | K2: 1
A3: M0106001 | B3: Próprio | C3: ADMINISTRAÇÃO LOCAL - SAMAMBAIA | D3: SERT - SERVIÇOS TÉCNICOS | E3: un | F3: 1,0 | G3: 17.614.579,90 | H3: 17.614.579,90 | I3: 6,06 | J3: 14,40 | K3: 2
A4: M1401077 | B4: Próprio | C4: Fornecimento de Conjunto de cubículos blindados de 1kVcc constituído em chapa de aço galvanizada por imersão de zinco a quente e estruturas metálicas com dispositivos de alívio de pressão, instalação abrigada, montagem vertical isolada da malha de terra da subestação. O conjunto de cubículos de 1 kVcc deverá atender as características técnicas conforme a especificação ET.4/EB.99/40.201. O fornecimento deve incluir os IEDs instalados nos compartimentos específicos dos cubículos 2, 3, 4 e 5, atendendo as características das especificações técnicas ET.4/EX.99/00.501 e ET.4/EX.99/00.502-2 e observando a indicação no diagrama DG.4/EX.99/00.502. | D4: SEDI - SERVIÇOS DIVERSOS | E4: un | F4: 3,0 | G4: 5.724.797,23 | H4: 17.174.391,69 | I4: 5,91 | J4: 20,31 | K4: 3
A5: 3009235 ADPT1 | B5: Próprio | C5: Fornecimento de Trilho TR57, comprimento de 12 m | D5: URBA - URBANIZAÇÃO | E5: t | F5: 785,22 | G5: 11.667,30 | H5: 9.161.397,30 | I5: 3,15 | J5: 23,46 | K5: 4
A6: 5915321 | B6: SICRO3 | C6: Transporte com caminhão basculante de 14 m³ - rodovia pavimentada | E6: tkm | F6: 14.688.257,4865632 | G6: 0,55 | H6: 8.078.541,61 | I6: 2,78 | J6: 26,24 | K6: 5
A7: M1401159 | B7: Próprio | C7: Montagem, comissionamento e testes do conjunto condutor do terceiro trilho com capacidade nominal de 2900 A. | D7: SEDI - SERVIÇOS DIVERSOS | E7: M | F7: 8.567,0 | G7: 675,65 | H7: 5.788.293,55 | I7: 1,99 | J7: 28,23 | K7: 6
A8: M1401146 | B8: Próprio | C8: Fornecimento de cabo elétrico isolado, singelo, potência em média tensão, 8,7/15 kV, cobre, tempera mole, redondo compactado, seção nominal 300 mm² temperatura de 90°C, classe de encordoamento 2, isolamento HEPR, blindagem isolação metálica em cobre; capa externa em poliolefínico, antichama, livre de halogênio e gases corrosivos. Quantitativo conforme Lista de Cabos LC.4/EE.99/00.103. | D8: SEDI - SERVIÇOS DIVERSOS | E8: m | F8: 8.340,0 | G8: 607,51 | H8: 5.066.633,40 | I8: 1,74 | J8: 29,97 | K8: 7
A9: M1401071 | B9: Próprio | C9: Fornecimento de Conjunto de cubículos de 15 kV para as SRs 64 e 65, constituído de 8 cubículos interligados pelo mesmo barramento e um cubículo isolado desse barramento. O conjunto de cubículos deve atender as características técnicas da especificação ET.4/EB.99/01.201. O fornecimento deve incluir os IEDs instalados nos compartimentos específicos dos cubículos, atendendo as características das especificações técnicas ET.4/EX.99/00.501 e ET.4/EX.99/00.502-2 e observando a indicação nos diagramas DG.4/EX.99/00.502, DG.4/EX.99/00.503. | D9: SEDI - SERVIÇOS DIVERSOS | E9: un | F9: 2,0 | G9: 2.252.624,06 | H9: 4.505.248,12 | I9: 1,55 | J9: 31,52 | K9: 8
A10: M1401144 | B10: Próprio | C10: Fornecimento de cabo de cobre, singelo, potência em média tensão, 8,7/15 kV, tempera mole, redondo compactado, seção nominal 120 mm² temperatura de 90°C, classe de encordoamento 2, isolamento HEPR, blindagem isolação metálica em cobre; capa externa em poliolefínico, antichama, livre de halogênio e gases corrosivos. Quantitativo conforme Lista de Cabos LC.4/EE.99/00.103. | D10: SEDI - SERVIÇOS DIVERSOS | E10: m | F10: 19.575,0 | G10: 225,33 | H10: 4.410.834,75 | I10: 1,52 | J10: 33,04 | K10: 9
A11: M1401085 | B11: Próprio | C11: Fornecimento de Cabo de cobre, unipolar singelo seção nominal 400 mm², isolação 0,6/1 kV em borracha HEPR, 90ºC , antichamas, livre de halogênio e gases corrosivos e cobertura em poliolefínica não halogenada na cor preta. Quantitativo conforme Lista de Cabos LC.4/EB.34/00.201, LC.4/EB.35/00.201 e LC.4/EB.36/00.201 | D11: SEDI - SERVIÇOS DIVERSOS | E11: m | F11: 9.300,0 | G11: 447,58 | H11: 4.162.494,00 | I11: 1,43 | J11: 34,47 | K11: 10
A12: 4011463 | B12: SICRO3 | C12: Concreto asfáltico - faixa C - areia e brita comerciais | E12: t | F12: 5.899,54 | G12: 585,81 | H12: 3.456.009,52 | I12: 1,19 | J12: 35,66 | K12: 11
A13: 3009004 | B13: SICRO3 | C13: Dormente de concreto monobloco protendido bitola larga - confecção | E13: un | F13: 8.618,44 | G13: 396,88 | H13: 3.420.486,46 | I13: 1,18 | J13: 36,84 | K13: 12
A14: M1401142 | B14: Próprio | C14: Fornecimento de Painel de Entrada de Energia (PEE/SAM) formado por 4 cubículos de 15 kV, instalação ao tempo, incluindo IEDs, conforme especificações técnicas ET.3/EE.99/00.101, ET.4/EX.99/00.501, ET.4/EX.99/00.502-2 e ET.4/EX.99/00.503. O fornecimento deverá abranger ainda o projeto de fabricação e testes de plataforma em fábrica. | D14: SEDI - SERVIÇOS DIVERSOS | E14: un | F14: 1,0 | G14: 3.326.447,58 | H14: 3.326.447,58 | I14: 1,14 | J14: 37,98 | K14: 13
A15: M1401072 | B15: Próprio | C15: Fornecimento de Conjunto de cubículos de 15 kV para a SR 63, constituído de 9 cubículos interligados pelo mesmo barramento e um cubículo isolado desse barramento. O conjunto de cubículos deve atender as características técnicas da especificação ET.4/EB.99/01.201. O fornecimento deve incluir os IEDs instalados nos compartimentos específicos dos cubículos, atendendo as características das especificações técnicas ET.4/EX.99/00.501 e ET.4/EX.99/00.502-2 e observando a indicação nos diagramas DG.4/EX.99/00.502, DG.4/EX.99/00.503 e DG.4/EX.99/00.506. | D15: SEDI - SERVIÇOS DIVERSOS | E15: un | F15: 1,0 | G15: 3.100.000,00 | H15: 3.100.000,00 | I15: 1,07 | J15: 39,05 | K15: 14
A16: 6817847 ADPT | B16: Próprio | C16: Corpo de BSCC - seção fechada de 2,2 x 2,2 m - pré-moldado - altura do aterro de 2,50 a 5,00 m - areia e brita comerciais | D16: URBA - URBANIZAÇÃO | E16: m | F16: 1.191,0 | G16: 2.467,75 | H16: 2.939.090,25 | I16: 1,01 | J16: 40,06 | K16: 15
A17: M1403001 | B17: Próprio | C17: FORNECIMENTO DE ESCADAS ROLANTES INCLUINDO: FERRAMENTAS E DISPOSITIVOS ESPECIAIS, DESENHO E DETALHES DOS SOBRESSALENTES, GUARDA DO EQUIPAMENTO ATÉ SUA INSTALAÇÃO, TRANSPORTE ATÉ BRASÍLIA, TRANSPORTE ATÉ O LOCAL DE INSTALAÇÃO, GARANTA POR NO MÍNIMO 12 MESES, CONFORME MD.3/AB.7G/00.001, ET.3/AB.7G/00.001 E ET.3/AB.99/00.001 | D17: SEDI - SERVIÇOS DIVERSOS | E17: un | F17: 4,0 | G17: 687.939,17 | H17: 2.751.756,68 | I17: 0,95 | J17: 41,01 | K17: 16
A18: M0206034 | B18: Próprio | C18: FORNECIMENTO, BENEFICIAMENTO (CORTE, MONTAGEM, PRÉ FIXAÇÃO, SOLDA,FURAÇÃO, JATEAMENTO E PINTURA ANTICORROSIVA) DAS VIGAS PERFIL TIPO 1 E TIPO 5 ESTRUTURAL DE AÇO SOLDADO VS 1200x200 - INCLUSIVE TRANSPORTE HORIZONTAL E VERTICAL, MONTAGEM E FIXAÇÃO POR MEIO DE LIGAÇÃO PARAFUSADA | D18: ASTU - ASSENTAMENTO DE TUBOS E PECAS | E18: Kg | F18: 127.527,0 | G18: 21,42 | H18: 2.731.628,34 | I18: 0,94 | J18: 41,95 | K18: 17
A19: M1401134 | B19: Próprio | C19: Fornecimento do Painel de Controle e Comunicação - QPC para as SRs 63, 64 e 65, conforme características técnicas especificadas nas ET.4/EX.99/00.501, ET.4/EX.99/00.502-2, ET.4/EX.99/00.503. Incluso no fornecimento os Dispositivos de Automação, a UCD (Unidade de Controle Digital), terminal microprocessador (IHM) para comando, controle e supervisão local do sistema e todos os componentes de rede como GPS, USOs (Unidade de Supervisão e Operação), Switches, DIOs, além de sistema de telesupervisão completo da SR (SCADA), Drives adicionais para SCADA central (IEC 61850) e central (SNMP), licença de software para oscilografia e banco de dados, bem como demais dispositivos indicados nas especificações técnicas mencionadas. O fornecimento deverá prever ainda testes de plataforma em fábrica. Deve ser observado o apresentado nos diagramas DG.4/EX.99/00.502 e DG.4/EX.99/00.504-2. | D19: SEDI - SERVIÇOS DIVERSOS | E19: un | F19: 3,0 | G19: 843.810,54 | H19: 2.531.431,62 | I19: 0,87 | J19: 42,82 | K19: 18
A20: M0202001 | B20: Próprio | C20: DISPOSIÇÃO FINAL DE RESÍDUOS DA CONSTRUÇÃO CIVIL SEGREGADOS | D20: SEDI - SERVIÇOS DIVERSOS | E20: m³ | F20: 313.753,7309633 | G20: 8,00 | H20: 2.510.029,84 | I20: 0,86 | J20: 43,68 | K20: 19
A21: M1401175 | B21: Próprio | C21: Montagem, comissionamento e testes da cablagem de Média Tensão 13,8 kV, conforme Projeto Básico. | D21: SEDI - SERVIÇOS DIVERSOS | E21: m | F21: 19.575,0 | G21: 126,55 | H21: 2.477.216,25 | I21: 0,85 | J21: 44,53 | K21: 20
A22: M1401075 | B22: Próprio | C22: Fornecimento de Retificador de Tração de 12 pulsos, potência de retificação nominal de 2000 kW,para operação conjunta com transformador de tração de potência de 2200 kVA. Tensão de entrada em corrente alternada definida pelo fornecedor em função da regulação do Grupo Retificador (Transformador/Retificado) tensão nominal de saída em corrente contínua 750 Vcc. O Retificador deverá atender as características técnicas conforme a especificação ET.4/EB.99/26.201. | D22: SEDI - SERVIÇOS DIVERSOS | E22: un | F22: 4,0 | G22: 601.170,13 | H22: 2.404.680,52 | I22: 0,83 | J22: 45,36 | K22: 21
A23: M1401073 | B23: Próprio | C23: Fornecimento de Transformador de Tração a seco com potência estimada de 2200 kVA para operação conjunta com retificador de 12 pulsos de 2000 kW, enrolamento primário em 13,8 kV e duplo enrolamento secundário delta/estrela defasados de 30º . A potência nominal, tensão secundária nominal e impedância do transformador a serem confirmadas pelo fornecedor considerando as características técnicas do grupo retificador. O transformador deverá atender as características técnicas conforme a especificação ET.4/EB.99/20.201. | D23: SEDI - SERVIÇOS DIVERSOS | E23: un | F23: 4,0 | G23: 586.530,82 | H23: 2.346.123,28 | I23: 0,81 | J23: 46,17 | K23: 22
A24: 0605578 ADPT2 | B24: Próprio | C24: Bueiro metálico sem interrupção de tráfego (Tunnel Liner) - D = 2,60 m - chapa com epóxi - E = 2,7 mm - escavado em material de 1ª categoria | D24: URBA - URBANIZAÇÃO | E24: m | F24: 170,32 | G24: 13.086,50 | H24: 2.228.892,68 | I24: 0,77 | J24: 46,93 | K24: 23
A25: 4805757 | B25: SICRO3 | C25: Escavação mecânica de vala em material de 1ª categoria | E25: m³ | F25: 355.341,8054571 | G25: 6,20 | H25: 2.203.119,19 | I25: 0,76 | J25: 47,69 | K25: 24
A26: 5605896 ADPT3 | B26: Próprio | C26: Grampo de aço CA-50 D = 25 mm para solo grampeado com capacidade de 158 kN - perfuração e instalação | D26: URBA - URBANIZAÇÃO | E26: m | F26: 54.390,0 | G26: 39,65 | H26: 2.156.563,50 | I26: 0,74 | J26: 48,43 | K26: 25
A27: 96539 | B27: SINAPI | C27: FABRICAÇÃO, MONTAGEM E DESMONTAGEM DE FÔRMA PARA VIGA BALDRAME, EM CHAPA DE MADEIRA COMPENSADA RESINADA, E=17 MM, 2 UTILIZAÇÕES. AF_06/2017 | D27: FUES - FUNDAÇÕES E ESTRUTURAS | E27: m² | F27: 15.882,54 | G27: 131,13 | H27: 2.082.677,47 | I27: 0,72 | J27: 49,15 | K27: 26
A28: M1401145 | B28: Próprio | C28: Fornecimento de cabo elétrico isolado, singelo, potência em média tensão, 8,7/15 kV, cobre, tempera mole, redondo compactado, seção nominal 240 mm² temperatura de 90°C, classe de encordoamento 2, isolamento HEPR, blindagem isolação metálica em cobre; capa externa em poliolefínico, antichama, livre de halogênio e gases corrosivos. Quantitativo conforme Lista de Cabos LC.4/EE.99/00.103. | D28: SEDI - SERVIÇOS DIVERSOS | E28: m | F28: 4.260,0 | G28: 471,81 | H28: 2.009.910,60 | I28: 0,69 | J28: 49,84 | K28: 27
A29: 97670 | B29: SINAPI | C29: ELETRODUTO FLEXÍVEL CORRUGADO, PEAD, DN 100 (4"), PARA REDE ENTERRADA DE DISTRIBUIÇÃO DE ENERGIA ELÉTRICA - FORNECIMENTO E INSTALAÇÃO. AF_12/2021 | D29: INEL - INSTALAÇÃO ELÉTRICA/ELETRIFICAÇÃO E ILUMINAÇÃO EXTERNA | E29: M | F29: 92.664,97 | G29: 21,52 | H29: 1.994.150,15 | I29: 0,69 | J29: 50,53 | K29: 28
A30: 0605842 ADPT | B30: Próprio | C30: Bueiro metálico sem interrupção de tráfego (Tunnel Liner) - D = 2,60 m - chapa com epóxi - E = 3,4mm - escavado em material de 1ª categoria | D30: URBA - URBANIZAÇÃO | E30: m | F30: 133,52 | G30: 14.924,83 | H30: 1.992.763,30 | I30: 0,69 | J30: 51,21 | K30: 29
A31: M0206035 | B31: Próprio | C31: FORNECIMENTO, BENEFICIAMENTO (CORTE, MONTAGEM, PRÉ FIXAÇÃO, SOLDA,FURAÇÃO, JATEAMENTO E PINTURA ANTICORROSIVA) DAS VIGAS PERFIL TIPO 2 ESTRUTURAL DE AÇO LAMINADO W 610x101 - INCLUSIVE TRANSPORTE HORIZONTAL E VERTICAL, MONTAGEM E FIXAÇÃO POR MEIO DE LIGAÇÃO PARAFUSADA | D31: ASTU - ASSENTAMENTO DE TUBOS E PECAS | E31: Kg | F31: 99.242,0 | G31: 19,18 | H31: 1.903.461,56 | I31: 0,65 | J31: 51,87 | K31: 30
A32: 4011276 | B32: SICRO3 | C32: Base ou sub-base de brita graduada com brita comercial | E32: m³ | F32: 17.059,375 | G32: 108,16 | H32: 1.845.142,00 | I32: 0,63 | J32: 52,50 | K32: 31
A33: 103675 ADPT1 | B33: Próprio | C33: CONCRETAGEM DE VIGAS E LAJES, FCK=30 MPA, PARA LAJES MACIÇAS OU NERVURADAS COM USO DE BOMBA - LANÇAMENTO, ADENSAMENTO E ACABAMENTO. | D33: SEDI - SERVIÇOS DIVERSOS | E33: m³ | F33: 3.294,37 | G33: 534,65 | H33: 1.761.334,92 | I33: 0,61 | J33: 53,11 | K33: 32
A34: 92749 | B34: SINAPI | C34: MURO DE GABIÃO, ENCHIMENTO COM PEDRA DE MÃO TIPO RACHÃO, COM SOLO REFORÇADO, PARA MUROS COM ALTURA MENOR OU IGUAL A 4 M FORNECIMENTO E EXECUÇÃO. AF_12/2015 | D34: DROP - DRENAGEM/OBRAS DE CONTENÇÃO / POÇOS DE VISITA E CAIXAS | E34: m³ | F34: 1.655,36734 | G34: 1.021,86 | H34: 1.691.553,67 | I34: 0,58 | J34: 53,69 | K34: 33
A35: M1401109 | B35: Próprio | C35: Montagem, comissionamento e testes da cablagem de 750 Vcc (400 mm²), conforme Projeto Básico (A montagem da cablagem de 750 Vcc deve considerar a interligação com o terceiro trilho e via). | D35: SEDI - SERVIÇOS DIVERSOS | E35: m | F35: 8.400,0 | G35: 200,00 | H35: 1.680.000,00 | I35: 0,58 | J35: 54,27 | K35: 34
A36: 5605896 ADPT4 | B36: Próprio | C36: Grampo de aço CA-50 D = 25 mm para solo grampeado com capacidade de 158 kN - Fornecimento | D36: URBA - URBANIZAÇÃO | E36: m | F36: 54.390,0 | G36: 30,55 | H36: 1.661.614,50 | I36: 0,57 | J36: 54,84 | K36: 35
A37: 0605571 ADPT | B37: Próprio | C37: Bueiro metálico sem interrupção de tráfego (Tunnel Liner) - D = 1,20 m - chapa com epóxi - E = 2,2 mm - escavado em material de 1ª categoria | D37: URBA - URBANIZAÇÃO | E37: m | F37: 336,0 | G37: 4.899,10 | H37: 1.646.097,60 | I37: 0,57 | J37: 55,40 | K37: 36
A38: M1401076 | B38: Próprio | C38: Fornecimento de Retificador de Tração de 12 pulsos, potência de retificação nominal de 2750 kW, para operação conjunta com transformador de tração de potência nominal de 3025 kVA. Tensão de entrada em corrente alternada definida pelo fornecedor em função da regulação do Grupo Retificador (Transformador/Retificado) tensão nominal de saída em corrente contínua 750 Vcc. O Retificador deverá atender as características técnicas conforme a especificação ET.4/EB.99/26.201. . | D38: SEDI - SERVIÇOS DIVERSOS | E38: un | F38: 2,0 | G38: 790.815,76 | H38: 1.581.631,52 | I38: 0,54 | J38: 55,95 | K38: 37
A39: 804053 | B39: SICRO3 | C39: Corpo de BSTC D = 1,50 m PA1 - areia, brita e pedra de mão comerciais | E39: m | F39: 1.084,5 | G39: 1.417,69 | H39: 1.537.484,80 | I39: 0,53 | J39: 56,48 | K39: 38
A40: 92756 | B40: SINAPI | C40: PROTEÇÃO SUPERFICIAL DE CANAL EM GABIÃO TIPO COLCHÃO, ALTURA DE 23 CENTÍMETROS, ENCHIMENTO COM PEDRA DE MÃO TIPO RACHÃO - FORNECIMENTO E EXECUÇÃO. AF_12/2015 | D40: DROP - DRENAGEM/OBRAS DE CONTENÇÃO / POÇOS DE VISITA E CAIXAS | E40: m² | F40: 5.146,88 | G40: 290,88 | H40: 1.497.124,45 | I40: 0,52 | J40: 56,99 | K40: 39
A41: 92761 | B41: SINAPI | C41: ARMAÇÃO DE PILAR OU VIGA DE UMA ESTRUTURA CONVENCIONAL DE CONCRETO ARMADO EM UM EDIFÍCIO DE MÚLTIPLOS PAVIMENTOS UTILIZANDO AÇO CA-50 DE 8,0 MM - MONTAGEM. AF_12/2015 | D41: FUES - FUNDAÇÕES E ESTRUTURAS | E41: KG | F41: 114.990,1 | G41: 12,86 | H41: 1.478.772,68 | I41: 0,51 | J41: 57,50 | K41: 40
A42: 3009322 | B42: SICRO3 | C42: Solda aluminotérmica para TR57 com cadinho descartável, executada no campo, para formação de trilho longo soldado (TLS) | E42: un | F42: 1.030,39 | G42: 1.409,49 | H42: 1.452.324,40 | I42: 0,50 | J42: 58,00 | K42: 41
A43: 92453 | B43: SINAPI | C43: MONTAGEM E DESMONTAGEM DE FÔRMA DE VIGA, ESCORAMENTO COM GARFO DE MADEIRA, PÉ-DIREITO DUPLO, EM CHAPA DE MADEIRA RESINADA, 4 UTILIZAÇÕES. AF_09/2020 | D43: FUES - FUNDAÇÕES E ESTRUTURAS | E43: m² | F43: 5.290,25 | G43: 257,68 | H43: 1.363.191,62 | I43: 0,47 | J43: 58,47 | K43: 42
A44: M1201009 | B44: Próprio | C44: FORNECIMENTO DE CONJUNTO DE FIXAÇÃO EM LAJE FIXA COM PLACA DE APOIO RESILIENTE PARA TRILHO TR57 | D44: SEDI - SERVIÇOS DIVERSOS | E44: CJ | F44: 1.126,4 | G44: 1.203,60 | H44: 1.355.735,04 | I44: 0,47 | J44: 58,94 | K44: 43
A45: 5502112 | B45: SICRO3 | C45: Escavação, carga e transporte de material de 1ª categoria - DMT de 600 a 800 m - caminho de serviço em leito natural - comescavadeira e caminhão basculante de 14 m³ | E45: m³ | F45: 185.439,79 | G45: 7,16 | H45: 1.327.748,89 | I45: 0,46 | J45: 59,39 | K45: 44
A46: M1401132 | B46: Próprio | C46: Fornecimento de chave secionadora do circuito de tração conforme especificação técnica ET.4/EF.99/00.302. Quantitativo conforme Lista de Material LM.3/EF.99/00.302. | D46: SEDI - SERVIÇOS DIVERSOS | E46: un | F46: 4,0 | G46: 326.952,79 | H46: 1.307.811,16 | I46: 0,45 | J46: 59,84 | K46: 45
A47: M1401074 | B47: Próprio | C47: Fornecimento de Transformador de Tração a óleo com potência estimada de 3025 kVA para operação conjunta com retificador de 12 pulsos de 2750 kW, enrolamento primário em 13,8 kV e duplo enrolamento secundário delta/estrela defasados de 30º . A potência nominal, tensão secundária nominal e impedância do transformador a serem confirmadas pelo fornecedor considerando as características técnicas do grupo retificador. O transformador deverá atender as características técnicas conforme a especificação ET.4/EB.99/20.202. | D47: SEDI - SERVIÇOS DIVERSOS | E47: un | F47: 2,0 | G47: 634.302,15 | H47: 1.268.604,30 | I47: 0,44 | J47: 60,28 | K47: 46
A48: 92455 | B48: SINAPI | C48: MONTAGEM E DESMONTAGEM DE FÔRMA DE VIGA, ESCORAMENTO COM GARFO DE MADEIRA, PÉ-DIREITO SIMPLES, EM CHAPA DE MADEIRA RESINADA, 4 UTILIZAÇÕES. AF_09/2020 | D48: FUES - FUNDAÇÕES E ESTRUTURAS | E48: m² | F48: 7.579,03 | G48: 167,19 | H48: 1.267.138,02 | I48: 0,44 | J48: 60,72 | K48: 47
A49: 92919 | B49: SINAPI | C49: ARMAÇÃO DE ESTRUTURAS DE CONCRETO ARMADO, EXCETO VIGAS, PILARES, LAJES E FUNDAÇÕES, UTILIZANDO AÇO CA-50 DE 10,0 MM - MONTAGEM. AF_12/2015 | D49: FUES - FUNDAÇÕES E ESTRUTURAS | E49: KG | F49: 101.906,4 | G49: 12,42 | H49: 1.265.677,48 | I49: 0,44 | J49: 61,15 | K49: 48
A50: M0306001 | B50: Próprio | C50: ENCHIMENTO COM ARGILA EXPANDIDA | D50: SEDI - SERVIÇOS DIVERSOS | E50: m³ | F50: 1.136,0 | G50: 1.105,75 | H50: 1.256.132,00 | I50: 0,43 | J50: 61,58 | K50: 49
A51: M1401177 | B51: Próprio | C51: Montagem, comissionamento e testes dos cabos elétricos isolados de 300mm² incluindo muflas terminais. | D51: SEDI - SERVIÇOS DIVERSOS | E51: m | F51: 8.340,0 | G51: 149,51 | H51: 1.246.913,40 | I51: 0,43 | J51: 62,01 | K51: 50
A52: 98458 | B52: SINAPI | C52: TAPUME COM COMPENSADO DE MADEIRA. AF_05/2018 | D52: CANT - CANTEIRO DE OBRAS | E52: m² | F52: 7.710,868 | G52: 159,00 | H52: 1.226.028,01 | I52: 0,42 | J52: 62,43 | K52: 51
A53: M1401133 | B53: Próprio | C53: Fornecimento de Cabo com seção nominal de 400 mm² Unipolar/HEPR 90°C, isolação 0,6/1 kV, livre de halogenio e gases corrosivos. Destinado para conexões entre tramos e chaves seccionadoras/contatoras do terceiro trilho (30 conexões, comprimento médio 25m, com 4 cabos cada). Conforme diagrama DG.4/EF.99/00.302. Quantitativo conforme Lista de Material LM.3/EF.99/00.302. | D53: SEDI - SERVIÇOS DIVERSOS | E53: m | F53: 3.000,0 | G53: 397,16 | H53: 1.191.480,00 | I53: 0,41 | J53: 62,84 | K53: 52
A54: 92419 | B54: SINAPI | C54: MONTAGEM E DESMONTAGEM DE FÔRMA DE PILARES RETANGULARES E ESTRUTURAS SIMILARES, PÉ-DIREITO SIMPLES, EM CHAPA DE MADEIRA COMPENSADA RESINADA, 4 UTILIZAÇÕES. AF_09/2020 | D54: FUES - FUNDAÇÕES E ESTRUTURAS | E54: m² | F54: 13.416,66 | G54: 87,64 | H54: 1.175.836,08 | I54: 0,40 | J54: 63,25 | K54: 53
A55: 92924 | B55: SINAPI | C55: ARMAÇÃO DE ESTRUTURAS DE CONCRETO ARMADO, EXCETO VIGAS, PILARES, LAJES E FUNDAÇÕES, UTILIZANDO AÇO CA-50 DE 25,0 MM - MONTAGEM. AF_12/2015 | D55: FUES - FUNDAÇÕES E ESTRUTURAS | E55: KG | F55: 119.298,0 | G55: 9,80 | H55: 1.169.120,40 | I55: 0,40 | J55: 63,65 | K55: 54
A56: 94213 ADPT1 | B56: Próprio | C56: COBERTURA EM TELHA TRAPEZOIDAL DE AÇO ZINCADO PRÉ-PINTADA, PLANA, MODELO LR25 X LARGURA ÚTIL DE 1025 MM, ESP.=0,8 MM COR EXTERNA BRANCA RAL 9010 E INTERNAMENTE CINZA RL 7035 | D56: SEDI - SERVIÇOS DIVERSOS | E56: m² | F56: 6.895,32 | G56: 166,06 | H56: 1.145.036,83 | I56: 0,39 | J56: 64,04 | K56: 55
A57: M1401081 | B57: Próprio | C57: Fornecimento de Painel de Distribuição de corrente alternada para tensão nominal de 380/220 V, 60 Hz, com 2 alimentadores entrada constituído disjuntores motorizados de 63 A intertravados eletricamente Confeccionado em duas colunas de 800x800x2300mm. O painel deverá atender as características técnicas conforme a especificação ET.4/EB.99/61.201. | D57: SEDI - SERVIÇOS DIVERSOS | E57: un | F57: 3,0 | G57: 363.107,78 | H57: 1.089.323,34 | I57: 0,37 | J57: 64,42 | K57: 56
A58: M1401112 | B58: Próprio | C58: Montagem, comissionamento e testes da cablagem de Baixa Tensão (380/220V e 125Vcc), conforme Projeto Básico. | D58: SEDI - SERVIÇOS DIVERSOS | E58: m | F58: 10.889,0 | G58: 99,91 | H58: 1.087.919,99 | I58: 0,37 | J58: 64,79 | K58: 57
A59: M1406001 | B59: Próprio | C59: Micro Repetidor | D59: SEDI - SERVIÇOS DIVERSOS | E59: un | F59: 2,0 | G59: 519.150,00 | H59: 1.038.300,00 | I59: 0,36 | J59: 65,15 | K59: 58
A60: 103672 | B60: SINAPI | C60: CONCRETAGEM DE PILARES, FCK = 25 MPA, COM USO DE BOMBA - LANÇAMENTO, ADENSAMENTO E ACABAMENTO. AF_02/2022 | D60: FUES - FUNDAÇÕES E ESTRUTURAS | E60: m³ | F60: 1.962,3 | G60: 518,66 | H60: 1.017.766,51 | I60: 0,35 | J60: 65,50 | K60: 59
A61: M0201009 | B61: Próprio | C61: CANTEIRO DE OBRAS PRINCIPAL | D61: CANT - CANTEIRO DE OBRAS | E61: UN | F61: 1,0 | G61: 998.244,88 | H61: 998.244,88 | I61: 0,34 | J61: 65,84 | K61: 60
A62: 4011351 | B62: SICRO3 | C62: Imprimação com asfalto diluído | E62: m² | F62: 114.749,88 | G62: 8,59 | H62: 985.701,46 | I62: 0,34 | J62: 66,18 | K62: 61
A63: M1401172 | B63: Próprio | C63: Execução de teste integrado do sistema de proteção no trecho Samambaia (SR 63, SR 64, SR 65, SA 35, SA 36 e PEE/AM) incluindo interface com o CCO. Conforme indicado na especificação ET.4/EX.99/00.501. | D63: SEDI - SERVIÇOS DIVERSOS | E63: un | F63: 1,0 | G63: 976.007,31 | H63: 976.007,31 | I63: 0,34 | J63: 66,52 | K63: 62
A64: 96557 | B64: SINAPI | C64: CONCRETAGEM DE BLOCOS DE COROAMENTO E VIGAS BALDRAMES, FCK 30 MPA, COM USO DE BOMBA  LANÇAMENTO, ADENSAMENTO E ACABAMENTO. AF_06/2017 | D64: FUES - FUNDAÇÕES E ESTRUTURAS | E64: m³ | F64: 1.811,69 | G64: 537,62 | H64: 974.000,77 | I64: 0,34 | J64: 66,85 | K64: 63
A65: 96547 | B65: SINAPI | C65: ARMAÇÃO DE BLOCO, VIGA BALDRAME OU SAPATA UTILIZANDO AÇO CA-50 DE 12,5 MM - MONTAGEM. AF_06/2017 | D65: FUES - FUNDAÇÕES E ESTRUTURAS | E65: KG | F65: 83.097,0 | G65: 11,48 | H65: 953.953,56 | I65: 0,33 | J65: 67,18 | K65: 64
A66: 92760 | B66: SINAPI | C66: ARMAÇÃO DE PILAR OU VIGA DE UMA ESTRUTURA CONVENCIONAL DE CONCRETO ARMADO EM UM EDIFÍCIO DE MÚLTIPLOS PAVIMENTOS UTILIZANDO AÇO CA-50 DE 6,3 MM - MONTAGEM. AF_12/2015 | D66: FUES - FUNDAÇÕES E ESTRUTURAS | E66: KG | F66: 67.878,86 | G66: 13,96 | H66: 947.588,88 | I66: 0,33 | J66: 67,51 | K66: 65
A67: 92763 | B67: SINAPI | C67: ARMAÇÃO DE PILAR OU VIGA DE UMA ESTRUTURA CONVENCIONAL DE CONCRETO ARMADO EM UM EDIFÍCIO DE MÚLTIPLOS PAVIMENTOS UTILIZANDO AÇO CA-50 DE 12,5 MM - MONTAGEM. AF_12/2015 | D67: FUES - FUNDAÇÕES E ESTRUTURAS | E67: KG | F67: 89.522,88 | G67: 10,47 | H67: 937.304,55 | I67: 0,32 | J67: 67,83 | K67: 66
A68: 101167 | B68: SINAPI | C68: EXECUÇÃO DE PAVIMENTO EM PARALELEPÍPEDOS, REJUNTAMENTO COM PÓ DE PEDRA. AF_05/2020 | D68: PAVI - PAVIMENTAÇÃO | E68: m² | F68: 3.117,45 | G68: 290,67 | H68: 906.149,19 | I68: 0,31 | J68: 68,14 | K68: 67
A69: M1401140 | B69: Próprio | C69: Fornecimento de Sistema Curtocircuitador Negativo-Terra automatizado, para proteção de tensão de toque, montado em painel de sobrepor, uso interno, isolação IP30. Capacidade de corrente 1000A, corrente de pico 70 kA/ 20 ms e entrada de cabos pela parte inferior do painel. Conforme características técnicas especificadas nos documentos ET.4/EX.99/00.501 e ET.4/EX.99/00.502-2. | D69: SEDI - SERVIÇOS DIVERSOS | E69: un | F69: 3,0 | G69: 301.000,00 | H69: 903.000,00 | I69: 0,31 | J69: 68,45 | K69: 68
A70: 1207714 | B70: SICRO3 | C70: Concreto projetado via seca fck = 25 MPa aplicado em pisos | E70: m³ | F70: 1.228,76 | G70: 730,83 | H70: 898.014,67 | I70: 0,31 | J70: 68,76 | K70: 69
A71: M1401143 | B71: Próprio | C71: Fornecimento de Cubículo de Interligação IC1 a ser instalado na Subestação Retificadora 62, contendo disjuntor de 15kV, TC, TP, e preparado para ser interligado com o barramento de 15kV do Painel de 15kV existente da Subestação Retificadora 62 (DE.8/EB.32/01.001 - antiga SR 15), conforme especificação técnica ET.4/EE.99/00.103. O fornecimento deve incluir o IED instalado no compartimento específico do cubículo, atendendo as características das especificações técnicas ET.4/EX.99/00.501 e ET.4/EX.99/00.502-2 e observando a indicação no diagrama DG.4/EX.99/00.506. | D71: SEDI - SERVIÇOS DIVERSOS | E71: un | F71: 1,0 | G71: 896.776,80 | H71: 896.776,80 | I71: 0,31 | J71: 69,07 | K71: 70
A72: M1201008 | B72: Próprio | C72: FORNECIMENTO DE CONJUNTO DE FIXAÇÃO EM DORMENTE DE CONCRETO PARA TRILHO TR57, EXCLUSIVE INSTALAÇÃO | D72: SEDI - SERVIÇOS DIVERSOS | E72: CJ | F72: 18.618,38 | G72: 48,16 | H72: 896.661,18 | I72: 0,31 | J72: 69,38 | K72: 71
A73: 6817849 | B73: SICRO3 | C73: Corpo de BSCC - seção fechada de 2,0 x 2,0 m - pré-moldado - altura do aterro de 5,00 a 7,50 m - areia e brita comerciais | E73: m | F73: 360,0 | G73: 2.482,06 | H73: 893.541,60 | I73: 0,31 | J73: 69,69 | K73: 72
A74: 92764 | B74: SINAPI | C74: ARMAÇÃO DE PILAR OU VIGA DE UMA ESTRUTURA CONVENCIONAL DE CONCRETO ARMADO EM UM EDIFÍCIO DE MÚLTIPLOS PAVIMENTOS UTILIZANDO AÇO CA-50 DE 16,0 MM - MONTAGEM. AF_12/2015 | D74: FUES - FUNDAÇÕES E ESTRUTURAS | E74: KG | F74: 86.514,1 | G74: 10,00 | H74: 865.141,00 | I74: 0,30 | J74: 69,98 | K74: 73
A75: 4011347 ADPT | B75: Próprio | C75: Base ou sub-base de solo melhorado com 3% de cal com recicladora | D75: URBA - URBANIZAÇÃO | E75: m³ | F75: 9.205,1 | G75: 92,20 | H75: 848.710,22 | I75: 0,29 | J75: 70,28 | K75: 74
A76: 6817845 ADPT | B76: Próprio | C76: Corpo de BSCC - seção fechada de 2,2 x 2,2 m - pré-moldado - altura do aterro de 1,00 a 2,50 m - areia e brita comerciais | D76: URBA - URBANIZAÇÃO | E76: m | F76: 403,5 | G76: 2.092,99 | H76: 844.521,46 | I76: 0,29 | J76: 70,57 | K76: 75
A77: M0206037 | B77: Próprio | C77: FORNECIMENTO E BENEFICIAMENTO (CORTE, MONTAGEM, PRÉ FIXAÇÃO, SOLDA,FURAÇÃO, JATEAMENTO E PINTURA ANTICORROSIVA) DAS TERÇAS DE APOIO DAS TELHAS PERFIL TIPO 4 DE AÇO EM CHAPA DOBRADA A FRIO Ue200x75x25x4,25 - INCLUSIVE TRANSPORTE HORIZONTAL E VERTICAL, MONTAGEM E FIXAÇÃO POR MEIO DE LIGAÇÃO PARAFUSADA | D77: ASTU - ASSENTAMENTO DE TUBOS E PECAS | E77: Kg | F77: 48.049,0 | G77: 17,37 | H77: 834.611,13 | I77: 0,29 | J77: 70,85 | K77: 76
A78: 0605578 ADPT1 | B78: Próprio | C78: Bueiro metálico sem interrupção de tráfego (Tunnel Liner) - D = 2,60 m - chapa com epóxi - E = 2,2 mm - escavado em material de 1ª categoria | D78: URBA - URBANIZAÇÃO | E78: m | F78: 68,95 | G78: 11.912,50 | H78: 821.366,87 | I78: 0,28 | J78: 71,14 | K78: 77
A79: 2607150 ADPT1 | B79: Próprio | C79: FORNECIMENTO DE TRAVESSÃO 1:14 (2 AMVs), COMPLETO, OTIMIZADO, PARA TRILHO TR57, EM BITOLA 1.600MM PARA ASSENTAMENTO EM DORMENTES DE CONCRETO PROTENDIDO, ENTREVIA 4,35M, EXCLUSIVE DORMENTES | D79: URBA - URBANIZAÇÃO | E79: un | F79: 2,0 | G79: 405.584,27 | H79: 811.168,54 | I79: 0,28 | J79: 71,41 | K79: 78
A80: 6817849 ADPT | B80: Próprio | C80: Corpo de BSCC - seção fechada de 2,2 x 2,2 m - pré-moldado - altura do aterro de 5,00 a 7,50 m - areia e brita comerciais | D80: URBA - URBANIZAÇÃO | E80: m | F80: 276,0 | G80: 2.837,16 | H80: 783.056,16 | I80: 0,27 | J80: 71,68 | K80: 79
A81: 96974 | B81: SINAPI | C81: CORDOALHA DE COBRE NU 50 MM², NÃO ENTERRADA, COM ISOLADOR - FORNECIMENTO E INSTALAÇÃO. AF_12/2017 | D81: INEL - INSTALAÇÃO ELÉTRICA/ELETRIFICAÇÃO E ILUMINAÇÃO EXTERNA | E81: M | F81: 10.431,6 | G81: 72,38 | H81: 755.039,20 | I81: 0,26 | J81: 71,94 | K81: 80
A82: M1401120 | B82: Próprio | C82: Fornecimento de Painel de Distribuição de corrente alternada para tensão nominal de 380/220 V, 60 Hz. O painel deverá atender as características técnicas conforme a especificação ET.4/EC.99/33.401. | D82: SEDI - SERVIÇOS DIVERSOS | E82: un | F82: 2,0 | G82: 376.215,55 | H82: 752.431,10 | I82: 0,26 | J82: 72,20 | K82: 81
A83: PEX.SAM 111 | B83: Próprio | C83: PROJETO EXECUTIVO DO SISTEMA DE PROTEÇÃO E CONTROLE | D83: SEDI - SERVIÇOS DIVERSOS | E83: CJ | F83: 1,0 | G83: 739.736,98 | H83: 739.736,98 | I83: 0,25 | J83: 72,46 | K83: 82
A84: M1401086 | B84: Próprio | C84: Fornecimento de Cabo de cobre, unipolar singelo seção nominal 300 mm², isolação 0,6/1 kV em borracha HEPR, 90ºC , antichamas, livre de halogênio e gases corrosivos e cobertura em poliolefínica não halogenada na cor preta. Quantitativo conforme Lista de Cabos LC.4/EB.34/00.201, LC.4/EB.35/00.201 e LC.4/EB.36/00.201 | D84: SEDI - SERVIÇOS DIVERSOS | E84: m | F84: 1.800,0 | G84: 404,89 | H84: 728.802,00 | I84: 0,25 | J84: 72,71 | K84: 83
A85: M1403004 | B85: Próprio | C85: MONTAGEM DAS ESCADAS ROLANTES, INCLUINDO: MOVIMENTAÇÃO HORIZONTAL E VERTICAL, FECHAMENTO DA ESTRUTURA DA ESCADA EM CHAPA DE AÇO INOXIDÁVEL, FECHAMENTOS LATERAIS DAS ESCADAS, CONFORME MD.3/AB.7G/00.001, ET.3/AB.7G/00.001 E ET.3/AB.99/00.001 | D85: SEDI - SERVIÇOS DIVERSOS | E85: un | F85: 4,0 | G85: 180.000,00 | H85: 720.000,00 | I85: 0,25 | J85: 72,96 | K85: 84
A86: 98504 | B86: SINAPI | C86: PLANTIO DE GRAMA EM PLACAS. AF_05/2018 | D86: URBA - URBANIZAÇÃO | E86: m² | F86: 53.111,36 | G86: 13,53 | H86: 718.596,70 | I86: 0,25 | J86: 73,20 | K86: 85
A87: 4815671 | B87: SICRO3 | C87: Reaterro e compactação com soquete vibratório | E87: m³ | F87: 46.780,5174101 | G87: 15,11 | H87: 706.853,61 | I87: 0,24 | J87: 73,45 | K87: 86
A88: M1401162 | B88: Próprio | C88: Montagem e Instalação da cablagem do terceiro trilho. Quantitativo conforme Lista de Material LM.3/EF.99/00.302. | D88: SEDI - SERVIÇOS DIVERSOS | E88: m | F88: 3.000,0 | G88: 234,56 | H88: 703.680,00 | I88: 0,24 | J88: 73,69 | K88: 87
A89: 103675 ADPT3 | B89: Próprio | C89: CONCRETAGEM DE VIGAS E LAJES, FCK=40 MPA, PARA LAJES MACIÇAS OU NERVURADAS COM USO DE BOMBA - LANÇAMENTO, ADENSAMENTO E ACABAMENTO. | D89: SEDI - SERVIÇOS DIVERSOS | E89: m³ | F89: 1.244,62 | G89: 564,32 | H89: 702.363,95 | I89: 0,24 | J89: 73,93 | K89: 88
A90: M0206036 | B90: Próprio | C90: FORNECIMENTO, BENEFICIAMENTO (CORTE, MONTAGEM, PRÉ FIXAÇÃO, SOLDA,FURAÇÃO, JATEAMENTO E PINTURA ANTICORROSIVA) DAS VIGAS PERFIL TIPO 3 ESTRUTURAL DE AÇO LAMINADO W 460x52 - INCLUSIVE TRANSPORTE HORIZONTAL E VERTICAL, MONTAGEM E FIXAÇÃO POR MEIO DE LIGAÇÃO PARAFUSADA | D90: ASTU - ASSENTAMENTO DE TUBOS E PECAS | E90: Kg | F90: 35.194,0 | G90: 19,18 | H90: 675.020,92 | I90: 0,23 | J90: 74,16 | K90: 89
A91: CAESB117 | B91: Próprio | C91: Tubo de ferro fundido dúctil K7 com ponta e bolsa junta elástica para água (classe: K7 / diâmetro nominal: 1000 mm) | D91: SEDI - SERVIÇOS DIVERSOS | E91: m | F91: 294,0 | G91: 2.279,04 | H91: 670.037,76 | I91: 0,23 | J91: 74,39 | K91: 90
A92: 2607148 ADPT1 | B92: Próprio | C92: Fornecimento dos materiais metálicos do AMV 1:10, TR 57, bitola larga | D92: URBA - URBANIZAÇÃO | E92: un | F92: 4,0 | G92: 166.653,94 | H92: 666.615,76 | I92: 0,23 | J92: 74,62 | K92: 91
A93: 92916 | B93: SINAPI | C93: ARMAÇÃO DE ESTRUTURAS DE CONCRETO ARMADO, EXCETO VIGAS, PILARES, LAJES E FUNDAÇÕES, UTILIZANDO AÇO CA-50 DE 6,3 MM - MONTAGEM. AF_12/2015 | D93: FUES - FUNDAÇÕES E ESTRUTURAS | E93: KG | F93: 44.204,718 | G93: 15,03 | H93: 664.396,91 | I93: 0,23 | J93: 74,85 | K93: 92
A94: 4011276 ADPT | B94: Próprio | C94: Base ou sub-base de bica corrida comercial | D94: URBA - URBANIZAÇÃO | E94: m³ | F94: 10.473,76 | G94: 62,78 | H94: 657.542,65 | I94: 0,23 | J94: 75,08 | K94: 93
A95: 3009091 ADPT1 | B95: Próprio | C95: Fornecimento de brita para lastro ferroviário (exclusive transporte) | D95: URBA - URBANIZAÇÃO | E95: m³ | F95: 16.666,62 | G95: 39,00 | H95: 649.998,18 | I95: 0,22 | J95: 75,30 | K95: 94
A96: 100653 ADPT | B96: Próprio | C96: ESTACA HÉLICE CONTÍNUA, DIÂMETRO DE 70 CM, INCLUSO CONCRETO FCK=30MPA COM BOMBEAMENTO (EXCLUSIVE ARMAÇÃO, MOBILIZAÇÃO E DESMOBILIZAÇÃO). | D96: SEDI - SERVIÇOS DIVERSOS | E96: M | F96: 1.992,0 | G96: 325,00 | H96: 647.400,00 | I96: 0,22 | J96: 75,52 | K96: 95
A97: 92771 | B97: SINAPI | C97: ARMAÇÃO DE LAJE DE UMA ESTRUTURA CONVENCIONAL DE CONCRETO ARMADO EM UM EDIFÍCIO DE MÚLTIPLOS PAVIMENTOS UTILIZANDO AÇO CA-50 DE 10,0 MM - MONTAGEM. AF_12/2015 | D97: FUES - FUNDAÇÕES E ESTRUTURAS | E97: KG | F97: 54.948,0 | G97: 11,16 | H97: 613.219,68 | I97: 0,21 | J97: 75,73 | K97: 96
A98: 804033 | B98: SICRO3 | C98: Corpo de BSTC D = 0,80 m PA3 - areia, brita e pedra de mão comerciais | E98: m | F98: 911,8 | G98: 670,80 | H98: 611.635,44 | I98: 0,21 | J98: 75,94 | K98: 97
A99: 94991 | B99: SINAPI | C99: EXECUÇÃO DE PASSEIO (CALÇADA) OU PISO DE CONCRETO COM CONCRETO MOLDADO IN LOCO, USINADO, ACABAMENTO CONVENCIONAL, NÃO ARMADO. AF_07/2016 | D99: PISO - PISOS | E99: m³ | F99: 974,26 | G99: 618,40 | H99: 602.482,38 | I99: 0,21 | J99: 76,15 | K99: 98
A100: 0605523 ADPT | B100: Próprio | C100: Bueiro metálico sem interrupção de tráfego (Tunnel Liner) - D = 5,00 m - chapa galvanizada - E = 3,9 mm - escavado em material de 1ª categoria | D100: URBA - URBANIZAÇÃO | E100: m | F100: 16,37 | G100: 35.949,83 | H100: 588.498,71 | I100: 0,20 | J100: 76,35 | K100: 99
...

Sheet CUSTOS SICRO_SINAPI
B1: MENSALISTAS SINAPI 04/2022 - NÃO DESONERADO
A2: COD. | B2: DESCRIÇÃO | C2: UND. | D2: CUSTO
A3: 93558 | B3: motorista de caminhao com encargos complementares | C3: MES | D3: =VLOOKUP(A3,'SINAPI ND 0422'!A:D,4,FALSE) -> 3.725,59
A4: 93559 | B4: desenhista detalhista com encargos complementares | C4: MES | D4: =VLOOKUP(A4,'SINAPI ND 0422'!A:D,4,FALSE) -> 3.319,11
A5: 93560 | B5: desenhista copista com encargos complementares | C5: MES | D5: =VLOOKUP(A5,'SINAPI ND 0422'!A:D,4,FALSE) -> 1.536,43
A6: 93561 | B6: desenhista projetista com encargos complementares | C6: MES | D6: =VLOOKUP(A6,'SINAPI ND 0422'!A:D,4,FALSE) -> 2.629,41
A7: 93562 | B7: auxiliar de desenhista com encargos complementares | C7: MES | D7: =VLOOKUP(A7,'SINAPI ND 0422'!A:D,4,FALSE) -> 2.119,57
A8: 93563 | B8: almoxarife com encargos complementares | C8: MES | D8: =VLOOKUP(A8,'SINAPI ND 0422'!A:D,4,FALSE) -> 5.061,64
A9: 93564 | B9: apontador ou apropriador com encargos complementares | C9: MES | D9: =VLOOKUP(A9,'SINAPI ND 0422'!A:D,4,FALSE) -> 4.878,46
A10: 93565 | B10: Engenheiro Civil de Obra Júnior | C10: MES | D10: =VLOOKUP(A10,'SINAPI ND 0422'!A:D,4,FALSE) -> 16.332,05
A11: 93566 | B11: auxiliar de escritorio com encargos complementares | C11: MES | D11: =VLOOKUP(A11,'SINAPI ND 0422'!A:D,4,FALSE) -> 3.840,43
A12: 93567 | B12: engenheiro civil de obra pleno com encargos complementares | C12: MES | D12: =VLOOKUP(A12,'SINAPI ND 0422'!A:D,4,FALSE) -> 18.549,21
A13: 93568 | B13: engenheiro civil de obra senior com encargos complementares | C13: MES | D13: =VLOOKUP(A13,'SINAPI ND 0422'!A:D,4,FALSE) -> 25.250,01
A14: 93569 | B14: arquiteto junior com encargos complementares | C14: MES | D14: =VLOOKUP(A14,'SINAPI ND 0422'!A:D,4,FALSE) -> 12.067,63
... A19: 94296 | B19: topografo com encargos complementares | C19: MES | D19: =VLOOKUP(A19,'SINAPI ND 0422'!A:D,4,FALSE) -> 3.490,25
B21: SICRO -DF 04/2022- Sem desoneração
A22: P9803 | B22: Almoxarife | C22: mês | D22: =VLOOKUP(A22,'SICRO MO ND 0422'!A:G,6,FALSE) -> 4228.7868
A23: P9804 | B23: Apontador | C23: mês | D23: =VLOOKUP(A23,'SICRO MO ND 0422'!A:G,6,FALSE) -> 4051.144
A24: P9806 | B24: Auxiliar administrativo | C24: mês | D24: =VLOOKUP(A24,'SICRO MO ND 0422'!A:G,6,FALSE) -> 3804.4425
A25: P9809 | B25: Encarregado administrativo | C25: mês | D25: =VLOOKUP(A25,'SICRO MO ND 0422'!A:G,6,FALSE) -> 7182.9449
A26: P9811 | B26: Encarregado especializado | C26: mês | D26: =VLOOKUP(A26,'SICRO MO ND 0422'!A:G,6,FALSE) -> 6885.8442
A27: P9812 | B27: Engenheiro | C27: mês | D27: =VLOOKUP(A27,'SICRO MO ND 0422'!A:G,6,FALSE) -> 21625.217
A28: P9814 | B28: Operacional | C28: mês | D28: =VLOOKUP(A28,'SICRO MO ND 0422'!A:G,6,FALSE) -> 3360.6835
A29: P9816 | B29: Encarregado de mergulho | C29: mês | D29: =VLOOKUP(A29,'SICRO MO ND 0422'!A:G,6,FALSE) -> 7076.0062
A30: P9819 | B30: Engenheiro supervisor | C30: mês | D30: =VLOOKUP(A30,'SICRO MO ND 0422'!A:G,6,FALSE) -> 21625.217
A31: P9826 | B31: Chefe setor de finanças | C31: mês | D31: =VLOOKUP(A31,'SICRO MO ND 0422'!A:G,6,FALSE) -> 14462.696
A32: P9827 | B32: Vigia | C32: mês | D32: =VLOOKUP(A32,'SICRO MO ND 0422'!A:G,6,FALSE) -> 3970.8184
A33: P9833 | B33: Auxiliar de laboratório | C33: mês | D33: =VLOOKUP(A33,'SICRO MO ND 0422'!A:G,6,FALSE) -> 3668.3171
... A82: P9972 | B82: Técnico de batimetria | C82: mês | D82: =VLOOKUP(A82,'SICRO MO ND 0422'!A:G,6,FALSE) -> 4525.9103
B86: EQUIPAMENTOS | D86: Custo Produtivo | E86: Custo Improdutivo
A87: E9093 | B87: Veículo leve - 53 kW (sem motorista) | C87: h | D87: =VLOOKUP(A87,'SICRO EQUIP ND 0422'!A:K,10,FALSE) -> 40.2938 | E87: =VLOOKUP(A87,'SICRO EQUIP ND 0422'!A:K,11,FALSE) -> 5.669
A88: E9686 | B88: Caminhão carroceria com guindauto com capacidade de 20 t.m - 136 Kw | C88: h | D88: =VLOOKUP(A88,'SICRO EQUIP ND 0422'!A:K,10,FALSE) -> 300.662 | E88: =VLOOKUP(A88,'SICRO EQUIP ND 0422'!A:K,11,FALSE) -> 101.4364
A89: E9669 | B89: Caminhão tanque com capacidade de 8.000 l - 136 kW | C89: h | D89: =VLOOKUP(A89,'SICRO EQUIP ND 0422'!A:K,10,FALSE) -> 258.3694 | E89: =VLOOKUP(A89,'SICRO EQUIP ND 0422'!A:K,11,FALSE) -> 67.8985
A90: E9524 | B90: Motoniveladora - 93 kW | C90: h | D90: =VLOOKUP(A90,'SICRO EQUIP ND 0422'!A:K,10,FALSE) -> 228.2013 | E90: =VLOOKUP(A90,'SICRO EQUIP ND 0422'!A:K,11,FALSE) -> 88.3344
A91: E9125 | B91: Van furgão - 93 kW | C91: h | D91: =VLOOKUP(A91,'SICRO EQUIP ND 0422'!A:K,10,FALSE) -> 72.779 | E91: =VLOOKUP(A91,'SICRO EQUIP ND 0422'!A:K,11,FALSE) -> 36.4787
A92: E9050 | B92: Guindaste sobre rodas com capacidade de 370 kNm - 75 kW | C92: h | D92: =VLOOKUP(A92,'SICRO EQUIP ND 0422'!A:K,10,FALSE) -> 262.0174 | E92: =VLOOKUP(A92,'SICRO EQUIP ND 0422'!A:K,11,FALSE) -> 135.7636

Sheet SICRO EQUIP ND 0422
A1: CGCIT | B1: SISTEMA DE CUSTOS REFERENCIAIS DE OBRAS - SICRO | K1: DNIT
B2: Distrito Federal - Janeiro/2022
A3: Código | B3: Descrição | C3: Valor de Aquisição (R$) | D3: Depreciação (R$/h) | E3: Oportunidade de Capital (R$/h) | F3: Seguros e Impostos (R$/h) | G3: Manutenção (R$/h) | H3: Operação (R$/h) | I3: Mão de Obra de Operação (R$/h) | J3: Custo Produtivo (R$/h) | K3: Custo Improdutivo (R$/h)
A4: E9001 | B4: Conjunto vibratório para tubos de concreto com encaixe PB e 3 jogos de fôrmas - D = 0,60 m - 2,20 kW | C4: 58461.344 | D4: 7.7948 | E4: 1.8035 | F4: 0 | G4: 5.8461 | H4: 0 | I4: 0 | J4: 15.3879 | K4: 9.5632
A5: E9002 | B5: Conjunto vibratório para tubos de concreto com encaixe PB e 3 jogos de fôrmas - D = 0,80 m - 2,20 kW | C5: 63248.226 | D5: 8.4331 | E5: 1.9512 | F5: 0 | G5: 6.3248 | H5: 0 | I5: 0 | J5: 16.6622 | K5: 10.3551
A6: E9003 | B6: Conjunto vibratório para tubos de concreto com encaixe PB e 3 jogos de fôrmas - D = 1,00 m - 2,20 kW | C6: 69369.147 | D6: 9.2492 | E6: 2.14 | F6: 0 | G6: 6.9369 | H6: 0 | I6: 0 | J6: 18.2829 | K6: 11.3624
A7: E9004 | B7: Conjunto vibratório para tubos de concreto com encaixe PB e 3 jogos de fôrmas - D = 1,20 m - 2,20 kW | C7: 69730.863 | D7: 9.2974 | E7: 2.1512 | F7: 0 | G7: 6.9731 | H7: 0 | I7: 0 | J7: 18.3806 | K7: 11.4231
A8: E9005 | B8: Conjunto vibratório para tubos de concreto com encaixe PB e 3 jogos de fôrmas - D = 1,50 m - 2,20 kW | C8: 72357.177 | D8: 9.6476 | E8: 2.2322 | F8: 0 | G8: 7.2357 | H8: 0 | I8: 0 | J8: 19.0769 | K8: 11.8558
A9: E9006 | B9: Equipamento para sondagem manual | C9: 2128.3051 | D9: 0.3618 | E9: 0.0788 | F9: 0 | G9: 0.2128 | H9: 0 | I9: 0 | J9: 0.6557 | K9: 0.4421
A10: E9007 | B10: Bomba de pistão triplex com capacidade de 7,80 m³/h (130 l/min) - 8,20 kW | C10: 66792.806 | D10: 5.3434 | E10: 1.2363 | F10: 0 | G10: 4.6755 | H10: 7.8135 | I10: 0 | J10: 22.1377 | K10: 7.6547
A11: E9008 | B11: Transportador manual de tubos de concreto com capacidade de 1 t | C11: 1929.9997 | D11: 1.737 | E11: 0.1191 | F11: 0 | G11: 0.965 | H11: 0 | I11: 0 | J11: 2.9132 | K11: 1.9167
A12: E9009 | B12: Embarcação rebocadora - 268 kW | C12: 625757.2 | D12: 8.1479 | E12: 3.6308 | F12: 0 | G12: 18.1064 | H12: 255.3689 | I12: 120.8903 | J12: 448.9861 | K12: 134.5575
A13: E9010 | B13: Balança plataforma digital com mesa de 75 x 75 cm com capacidade de 500 kg | C13: 6062.5592 | D13: 0.9094 | E13: 0.1247 | F13: 0 | G13: 0.5052 | H13: 0 | I13: 0 | J13: 1.4651 | K13: 0.9842
A14: E9011 | B14: Carro manual modelo plataforma de 200 x 80 cm com capacidade de 800 kg | C14: 1791.8818 | D14: 0.3225 | E14: 0.0663 | F14: 0 | G14: 0.1792 | H14: 0 | I14: 0 | J14: 0.5699 | K14: 0.3901
A15: E9014 | B15: Deflectômetro de impacto (FWD) instalado em picape com reboque e faixa de carga de 7 a 120 kN - 147 kW | C15: 2103765.6 | D15: 168.3012 | E15: 38.9407 | F15: 0 | G15: 105.1883 | H15: 0 | I15: 25.0928 | J15: 318.3571 | K15: 219.8744
... A366: E9798 | B366: Perfuratriz hidráulica rotopercussiva - 123 kW | C366: 1745573.3 | D366: 116.3716 | E366: 31.413 | F366: 0 | G366: 116.3716 | H366: 92.5286 | I366: 26.31 | J366: 376.5039 | K366: 162.3445
A367: E9013 | B367: Caminhão tanque de asfalto com capacidade de 31.000 l - 265 kW | J367: 444.0039 | K367: 90.9515
A368: A9335 | B368: Cavalo mecânico estradeiro 6 x 2, PBT 23.000 kg - 265 kW - condição de trabalho severa - motorista de caminhão | C368: 785230.98 | D368: 33.6528 | E368: 13.8425 | F368: 5.6088 | G368: 50.4791 | H368: 252.5103 | I368: 23.58 | J368: 420.1817 | K368: 77.2791
A369: A9364 | B369: Tanque isotérmico de asfalto com capacidade de 31.000 l | C369: 253743.95 | D369: 10.1498 | E369: 3.5226 | F369: 0 | G369: 10.1498 | H369: 0 | I369: 0 | J369: 23.8222 | K369: 13.6724
A370: E9018 | B370: Cavalo mecânico com dolly intermediário e semirreboque de 4 eixos com capacidade de 53 t - 323 kW | J370: 517.4875 | K370: 149.739
A371: A9324 | B371: Cavalo mecânico estradeiro 6 x 4, PBT 23.000 kg - 323 kW - motorista de veículo especial | C371: 912223.14 | D371: 39.0953 | E371: 16.0812 | F371: 6.5159 | G371: 58.6429 | H371: 226.7828 | I371: 25.0928 | J371: 408.7621 | K371: 87.5869
A372: A9355 | B372: Semirreboque com 4 eixos | C372: 476098.8 | D372: 31.7399 | E372: 15.9116 | F372: 0 | G372: 35.7074 | H372: 0 | I372: 0 | J372: 90.4406 | K372: 51.6997
A373: A9382 | B373: Dolly intermediário com 2 eixos para semirreboque | C373: 97410.417 | D373: 6.494 | E373: 3.2555 | F373: 0 | G373: 7.3058 | H373: 0 | I373: 0 | J373: 18.2848 | K373: 10.4524
A374: E9027 | B374: Caminhão distribuidor de cimento e cal com capacidade de 17 m³ - 210 kW | J374: 435.8654 | K374: 117.4338
A375: A9333 | B375: Caminhão plataforma 8 x 2, PBTC 36.000 kg e distância entre eixos 4,8 m - 210 kW - motorista de caminhão | C375: 639602.84 | D375: 27.4116 | E375: 11.2753 | F375: 4.5686 | G375: 41.1173 | H375: 200.1025 | I375: 23.58 | J375: 352.773 | K375: 73.8183
A376: A9365 | B376: Distribuidor de cimento montado sobre chassi com capacidade de 17 m³ | C376: 425778.07 | D376: 32.1342 | E376: 7.8068 | F376: 0 | G376: 36.151 | H376: 0 | I376: 0 | J376: 83.0924 | K376: 43.6155
A377: E9037 | B377: Plataforma de inspeção sob pontes montada em caminhão com capacidade de 500 kg e alcance de 15 m - 188 kW | J377: 674.4267 | K377: 270.3197
A378: A9334 | B378: Caminhão plataforma 8 x 2, PBT 29.000 kg e distância entre eixos 4,8 m - 188 kW - condição de trabalho severa - motorista de veículo especial | C378: 612844.31 | D378: 26.2648 | E378: 10.8036 | F378: 4.3775 | G378: 39.3971 | H378: 179.1394 | I378: 25.0928 | J378: 326.1557 | K378: 73.5076
A379: A9378 | B379: Plataforma telescópica para inspeção de pontes montada sobre chassi com capacidade de 500 kg | C379: 2356027.7 | D379: 134.6302 | E379: 41.5334 | F379: 0 | G379: 151.4589 | H379: 0 | I379: 20.3187 | J379: 348.271 | K379: 196.8121
A380: E9041 | B380: Caminhão carroceria com guindauto com capacidade de 45 t.m - 188 kW | J380: 394.1128 | K380: 120.9078
A381: A9313 | B381: Caminhão plataforma 6 x 2, PBT 23.000 kg e distância entre eixos 5,4 m - 188 kW - motorista de veículo especial | C381: 644844.95 | D381: 27.6362 | E381: 11.3677 | F381: 4.606 | G381: 41.4543 | H381: 179.1394 | I381: 25.0928 | J381: 318.3065 | K381: 69.4836
A382: A9351 | B382: Carroceria de madeira com capacidade de 11 t | C382: 35215.586 | D382: 2.4287 | E382: 0.6369 | F382: 0 | G382: 2.4287 | H382: 0 | I382: 0 | J382: 5.7872 | K382: 3.229
A383: A9373 | B383: Guindaste articulado montado sobre chassi com capacidade de 45 t.m | C383: 314440.5 | D383: 21.6856 | E383: 5.6865 | F383: 0 | G383: 21.6856 | H383: 0 | I383: 20.3187 | J383: 70.0191 | K383: 48.1952
A384: E9082 | B384: Bate-estaca hidráulico para defensas montado em caminhão guindauto com capacidade de 20 t.m e carroceria de 4 t - 136 kW | J384: 341.0152 | K384: 133.5834
A385: A9323 | B385: Caminhão plataforma 4 x 2, PBT 14.300 kg e distância entre eixos 4,8 m - 136 kW - condição de trabalho severa - motorista de caminhão | C385: 494297.02 | D385: 21.1842 | E385: 8.7138 | F385: 3.5307 | G385: 31.7762 | H385: 129.5902 | I385: 23.58 | J385: 239.2308 | K385: 57.4489
A386: A9347 | B386: Carroceria de madeira com capacidade de 4 t | C386: 17692.92 | D386: 1.2202 | E386: 0.32 | F386: 0 | G386: 1.2202 | H386: 0 | I386: 0 | J386: 2.7604 | K386: 1.5402
A387: A9372 | B387: Guindaste articulado montado sobre chassi com capacidade de 20 t.m | C387: 179777.8 | D387: 12.3985 | E387: 3.2512 | F387: 0 | G387: 12.3985 | H387: 0 | I387: 20.3187 | J387: 51.1062 | K387: 37.6426
A388: A9379 | B388: Bate-estaca hidráulico para defensas metálicas montada sobre chassi | C388: 205615 | D388: 11.6515 | E388: 4.6517 | F388: 0 | G388: 10.9661 | H388: 0 | I388: 20.3187 | J388: 47.9178 | K388: 36.9517
A389: E9097 | B389: Caminhão de resgate de veículos leves com plataforma com capacidade de 4 t - 115 kW | J389: 212.3909 | K389: 56.6927
A390: A9326 | B390: Caminhão plataforma 4 x 2 PBT 9.600 kg e distância entre eixos 3,7 m - 115 kW - motorista de veículo especial | C390: 381485.43 | D390: 16.3494 | E390: 6.725 | F390: 2.7249 | G390: 24.5241 | H390: 109.5799 | I390: 25.0928 | J390: 203.046 | K390: 51.6679
A391: A9374 | B391: Plataforma hidráulica para resgate de veículos montada sobre chassi com capacidade de 4 t | C391: 67201 | D391: 3.8401 | E391: 1.1847 | F391: 0 | G391: 4.3201 | H391: 0 | I391: 0 | J391: 9.3449 | K391: 5.0248
A392: E9098 | B392: Caminhão de resgate de veículos de porte médio com capacidade do guincho de 20 t - 136 kW | J392: 283.613 | K392: 91.6151
A393: A9306 | B393: Caminhão plataforma 4 x 2, PBT 16.000 kg e distância entre eixos 3,6 m - 136 kW - motorista de veículo especial | C393: 522822.14 | D393: 22.4067 | E393: 9.2166 | F393: 3.7344 | G393: 33.61 | H393: 129.5902 | I393: 25.0928 | J393: 244.8328 | K393: 61.2171
A394: A9375 | B394: Guincho rebocador para resgate de veículos montada sobre chassi com capacidade de 20 t | C394: 128384 | D394: 7.3362 | E394: 2.2632 | F394: 0 | G394: 8.2533 | H394: 0 | I394: 20.3187 | J394: 38.7802 | K394: 30.398
A395: E9099 | B395: Caminhão de resgate de veículos pesados com dois guinchos com capacidade de 35 t - 240 kW | J395: 480.1735 | K395: 134.7249
A396: A9320 | B396: Caminhão plataforma 6 x 2, PBT 23.000 kg e distância entre eixos 4,8 m - 240 kW - motorista de veículo especial | C396: 797087.98 | D396: 34.1609 | E396: 14.0515 | F396: 5.6935 | G396: 51.2414 | H396: 228.6886 | I396: 25.0928 | J396: 395.7809 | K396: 79.801
A397: A9376 | B397: Guincho rebocador para resgate de veículos montada sobre chassi com capacidade de 35 t | C397: 451350 | D397: 25.7914 | E397: 7.9567 | F397: 0 | G397: 29.0154 | H397: 0 | I397: 20.3187 | J397: 84.3926 | K397: 54.9239
A398: E9100 | B398: Cavalo mecânico sem reboque - 210 kW | J398: 266.2922 | K398: 60.7285
A399: A9310 | B399: Cavalo mecânico 4 x 2, PBT 16.000 kg - 210 kW - motorista de caminhão | C399: 542530.23 | D399: 23.2513 | E399: 9.564 | F399: 3.8752 | G399: 34.8769 | H399: 147.4439 | I399: 23.58 | J399: 266.2922 | K399: 60.7285
A400: E9114 | B400: Painel com seta luminosa para montagem em caminhão | J400: 5.3915 | K400: 3.6908
A401: A9380 | B401: Painel com seta luminosa montado sobre chassi | C401: 33939.422 | D401: 3.0545 | E401: 0.6282 | F401: 0 | G401: 1.697 | H401: 0 | I401: 0 | J401: 5.3915 | K401: 3.6908
A402: E9115 | B402: Amortecedor retrátil (AMC) para montagem em caminhão | J402: 48.9177 | K402: 26.7395
A403: A9381 | B403: Amortecedor retrátil montado em caminhão | C403: 226194.52 | D403: 20.3575 | E403: 4.1869 | F403: 0 | G403: 20.3575 | H403: 0 | I403: 0 | J403: 48.9177 | K403: 26.7395
A404: E9145 | B404: Caminhão basculante para concreto com capacidade de 7 m³ - 188 kW | J404: 278.1942 | K404: 76.1048
A405: A9316 | B405: Caminhão plataforma 8 x 2, PBT 29.000 kg e distância entre eixos 4,8 m - 188 kW - motorista de caminhão | C405: 609917.92 | D405: 26.1393 | E405: 10.752 | F405: 4.3566 | G405: 39.209 | H405: 131.9974 | I405: 23.58 | J405: 269.2918 | K405: 71.4319
A406: A9340 | B406: Caçamba basculante para concreto com capacidade de 7 m³ | C406: 47441.9 | D406: 3.5805 | E406: 0.8699 | F406: 0 | G406: 4.0281 | H406: 0 | I406: 0 | J406: 8.9024 | K406: 4.6729
A407: E9146 | B407: Caminhão silo com capacidade de 30 m³ - 265 kW | J407: 463.2147 | K407: 101.2897
A408: A9335 | B408: Cavalo mecânico estradeiro 6 x 2, PBT 23.000 kg - 265 kW - condição de trabalho severa - motorista de caminhão | C408: 785230.98 | D408: 33.6528 | E408: 13.8425 | F408: 5.6088 | G408: 50.4791 | H408: 252.5103 | I408: 23.58 | J408: 420.1817 | K408: 77.2791
A409: A9357 | B409: Semirreboque silo para cimento com capacidade de 30 m³ | C409: 275825 | D409: 19.0224 | E409: 4.9882 | F409: 0 | G409: 19.0224 | H409: 0 | I409: 0 | J409: 43.033 | K409: 24.0106
A410: E9169 | B410: Cavalo mecânico com dolly pneumático de 4 eixos e mesas de giro com capacidade de 57 t - 323 kW | J410: 563.9216 | K410: 176.2826
A411: A9324 | B411: Cavalo mecânico estradeiro 6 x 4, PBT 23.000 kg - 323 kW - motorista de veículo especial | C411: 912223.14 | D411: 39.0953 | E411: 16.0812 | F411: 6.5159 | G411: 58.6429 | H411: 226.7828 | I411: 25.0928 | J411: 408.7621 | K411: 87.5869
A412: A9385 | B412: Conjunto de duas mesas de giro para quinta roda ou reboque com capacidade de 100 t cada | C412: 297384.48 | D412: 19.8256 | E412: 9.9388 | F412: 0 | G412: 22.3038 | H412: 0 | I412: 0 | J412: 53.0605 | K412: 30.3316
A413: A9389 | B413: Dolly pneumático com capacidade de 48 t e 4 eixos | C413: 556995.69 | D413: 37.133 | E413: 18.6153 | F413: 0 | G413: 41.7747 | H413: 0 | I413: 0 | J413: 102.099 | K413: 58.3641
A414: E9170 | B414: Cavalo mecânico com dois dollys pneumáticos de 3 e 4 eixos e mesas de giro com capacidade de 77 t - 323 kW | J414: 662.4501 | K414: 231.4175
A415: A9385 | B415: Conjunto de duas mesas de giro para quinta roda ou reboque com capacidade de 100 t cada | C415: 297384.48 | D415: 19.8256 | E415: 9.9388 | F415: 0 | G415: 22.3038 | H415: 0 | I415: 0 | J415: 53.0605 | K415: 30.3316
A416: A9386 | B416: Cavalo mecânico estradeiro 6 x 4, CMT 123.000 kg - 323 kW - motorista de veículo especial | C416: 998853.36 | D416: 42.808 | E416: 17.6084 | F416: 7.1347 | G416: 64.212 | H416: 226.7828 | I416: 25.0928 | J416: 428.9115 | K416: 97.9169
A417: A9387 | B417: Dolly pneumático com capacidade de 28,5 t e 3 eixos | C417: 428950.7 | D417: 28.5967 | E417: 14.3359 | F417: 0 | G417: 32.1713 | H417: 0 | I417: 0 | J417: 78.3791 | K417: 44.8049
A418: A9389 | B418: Dolly pneumático com capacidade de 48 t e 4 eixos | C418: 556995.69 | D418: 37.133 | E418: 18.6153 | F418: 0 | G418: 41.7747 | H418: 0 | I418: 0 | J418: 102.099 | K418: 58.3641
A419: E9171 | B419: Cavalo mecânico com dois dollys pneumáticos de 4 e 5 eixos e mesas de giro com capacidade de 111 t - 440 kW | J419: 1281.7121 | K419: 502.9481
A420: A9325 | B420: Cavalo mecânico 8 x 8, PBT 26.000 kg - 440 kW - motorista de veículo especial | C420: 4678727.7 | D420: 200.5169 | E420: 82.4793 | F420: 33.4195 | G420: 300.7754 | H420: 308.9302 | I420: 25.0928 | J420: 1000.7336 | K420: 342.3289
A421: A9385 | B421: Conjunto de duas mesas de giro para quinta roda ou reboque com capacidade de 100 t cada | C421: 297384.48 | D421: 19.8256 | E421: 9.9388 | F421: 0 | G421: 22.3038 | H421: 0 | I421: 0 | J421: 53.0605 | K421: 30.3316
A422: A9388 | B422: Dolly pneumático com capacidade de 60 t e 5 eixos | C422: 685040.68 | D422: 45.6694 | E422: 22.8946 | F422: 0 | G422: 51.3781 | H422: 0 | I422: 0 | J422: 125.819 | K422: 71.9235
A423: A9389 | B423: Dolly pneumático com capacidade de 48 t e 4 eixos | C423: 556995.69 | D423: 37.133 | E423: 18.6153 | F423: 0 | G423: 41.7747 | H423: 0 | I423: 0 | J423: 102.099 | K423: 58.3641
A424: E9199 | B424: Caminhão com sistema de hidrojateamento de alta pressão e vácuo para limpeza e desobstrução de bueiros com capacidade total de 15.600 l - 188 kW | J424: 357.5473 | K424: 92.5372
A425: A9299 | B425: Equipamento com sistema de hidrojateamento de alta pressão e vácuo para limpeza e desobstrução de bueiros com diâmetro de até 1.500 mm com capacidade total de 15.600 l | C425: 382209.94 | D425: 15.2884 | E425: 6.4851 | F425: 0 | G425: 15.2884 | H425: 0 | I425: 0 | J425: 39.2408 | K425: 23.0536
A426: A9313 | B426: Caminhão plataforma 6 x 2, PBT 23.000 kg e distância entre eixos 5,4 m - 188 kW - motorista de veículo especial | C426: 644844.95 | D426: 27.6362 | E426: 11.3677 | F426: 4.606 | G426: 41.4543 | H426: 179.1394 | I426: 25.0928 | J426: 318.3065 | K426: 69.4836
A427: E9201 | B427: Caminhão basculante para rocha com capacidade de 12 m³ - 188 kW com periculosidade | J427: 310.4723 | K427: 96.8587
A428: A9327 | B428: Caminhão plataforma 8 x 2 PBT 29.000 kg e distância entre eixos 4,8 m - 188 kW - motorista de veículo especial com periculosidade | C428: 612844.31 | D428: 26.2648 | E428: 10.8036 | F428: 4.3775 | G428: 39.3971 | H428: 131.9974 | I428: 31.1723 | J428: 277.7869 | K428: 79.702
A429: A9343 | B429: Caçamba basculante para rocha com capacidade de 12 m³ | C429: 166207.9 | D429: 12.544 | E429: 3.0475 | F429: 0 | G429: 14.112 | H429: 0 | I429: 0 | J429: 32.6854 | K429: 17.1567
A430: E9202 | B430: Plataforma pantográfica montada em caminhão - 115 kW com periculosidade | J430: 306.2536 | K430: 123.3975
A431: A9300 | B431: Caminhão plataforma 4 x 2, PBT 8.300 kg e distância entre eixos 3,7 m - 115 kW - motorista de veículo especial com periculosidade | C431: 357454.24 | D431: 15.3195 | E431: 6.3014 | F431: 2.5532 | G431: 22.9792 | H431: 109.5799 | I431: 31.1723 | J431: 206.0705 | K431: 56.2372
A432: A9383 | B432: Plataforma pantográfica hidráulica montada sobre chassi com capacidade de 600 kg - com periculosidade | C432: 495341.58 | D432: 33.0228 | E432: 8.9141 | F432: 0 | G432: 33.0228 | H432: 0 | I432: 24.9046 | J432: 100.1831 | K432: 67.1603
A433: E9506 | B433: Caminhão basculante com capacidade de 6 m³ - 136 kW | J433: 182.9334 | K433: 65.1457
A434: A9307 | B434: Caminhão plataforma 4 x 2, PBT 16.000 kg e distância entre eixos 3,6 m - 136 kW - motorista de caminhão | C434: 522822.14 | D434: 22.4067 | E434: 9.2166 | F434: 3.7344 | G434: 33.61 | H434: 68.2054 | I434: 23.58 | J434: 171.9455 | K434: 59.3781
A435: A9338 | B435: Caçamba basculante com capacidade de 6 m³ | C435: 54162 | D435: 4.0877 | E435: 0.9931 | F435: 0 | G435: 4.5987 | H435: 0 | I435: 0 | J435: 10.9879 | K435: 5.7676
A436: E9508 | B436: Caminhão carroceria com capacidade de 9 t - 136 kW | J436: 178.6029 | K436: 63.0341
A437: A9309 | B437: Caminhão plataforma 4 x 2, PBT 16.000 kg e distância entre eixos 4,8 m - 136 kW - motorista de caminhão | C437: 532415.48 | D437: 22.8178 | E437: 9.3857 | F437: 3.803 | G437: 34.2267 | H437: 68.2054 | I437: 23.58 | J437: 173.2376 | K437: 60.0405
A438: A9350 | B438: Carroceria de madeira com capacidade de 9 t | C438: 32681.327 | D438: 2.2539 | E438: 0.591 | F438: 0 | G438: 2.2539 | H438: 0 | I438: 0 | J438: 5.3653 | K438: 2.9936
A439: E9509 | B439: Caminhão tanque distribuidor de asfalto com capacidade de 6.000 l - 7 kW/136 kW | J439: 265.2484 | K439: 67.7173
A440: A9323 | B440: Caminhão plataforma 4 x 2, PBT 14.300 kg e distância entre eixos 4,8 m - 136 kW - condição de trabalho severa - motorista de caminhão | C440: 494297.02 | D440: 21.1842 | E440: 8.7138 | F440: 3.5307 | G440: 31.7762 | H440: 129.5902 | I440: 23.58 | J440: 239.2308 | K440: 57.4489
A441: A9363 | B441: Tanque espargidor de asfalto com capacidade de 6.000 l - 7 kW | C441: 190570 | D441: 7.6228 | E441: 2.6456 | F441: 0 | G441: 7.6228 | H441: 7.0211 | I441: 0 | J441: 26.0176 | K441: 10.2684
A442: E9520 | B442: Caminhão com caçamba térmica com capacidade de 6 m³ - 188 kW | J442: 274.9667 | K442: 74.8018
A443: A9311 | B443: Caminhão plataforma 6 x 2, PBT 23.000 kg e distância entre eixos 4,8 m - 188 kW - motorista de caminhão | C443: 635601.72 | D443: 27.2401 | E443: 11.2048 | F443: 4.54 | G443: 40.8601 | H443: 131.9974 | I443: 23.58 | J443: 260.6849 | K443: 67.0194
A444: A9339 | B444: Caçamba térmica com capacidade de 6 m³ | C444: 115545.6 | D444: 5.7773 | E444: 2.0051 | F444: 0 | G444: 6.4994 | H444: 0 | I444: 0 | J444: 14.2818 | K444: 7.7824
A445: E9571 | B445: Caminhão tanque com capacidade de 10.000 l - 188 kW | J445: 331.9917 | K445: 76.3616
A446: A9332 | B446: Caminhão plataforma 6 x 2, PBT 23.000 kg e distância entre eixos 4,8 m - 188 kW - condição de trabalho severa - motorista de caminhão | C446: 635601.72 | D446: 27.2401 | E446: 11.2048 | F446: 4.54 | G446: 40.8601 | H446: 179.1394 | I446: 23.58 | J446: 315.2481 | K446: 67.0194
A447: A9360 | B447: Tanque para transporte de água com capacidade de 10.000 l | C447: 96513.405 | D447: 6.6561 | E447: 1.7454 | F447: 0 | G447: 6.6561 | H447: 0 | I447: 0 | J447: 16.7436 | K447: 9.3422
A448: E9575 | B448: Caminhão basculante com caçamba estanque com capacidade de 14 m³ - 188 kW | J448: 285.7438 | K448: 80.9357
A449: A9317 | B449: Caminhão plataforma 8 x 2, PBT 29.000 kg e distância entre eixos 4,8 m - 188 kW - motorista de veículo especial | C449: 612844.31 | D449: 26.2648 | E449: 10.8036 | F449: 4.3775 | G449: 39.3971 | H449: 131.9974 | I449: 25.0928 | J449: 271.5925 | K449: 73.5076
A450: A9345 | B450: Caçamba basculante estanque com capacidade de 14 m³ | C450: 71012.4 | D450: 5.3594 | E450: 1.302 | F450: 0 | G450: 6.0294 | H450: 0 | I450: 0 | J450: 14.1513 | K450: 7.4281
...

Sheet SICRO MO ND 0422
A1: CGCIT | B1: SISTEMA DE CUSTOS REFERENCIAIS DE OBRAS - SICRO | G1: DNIT
A3: Distrito Federal - Abril/2022
A4: Sem desoneração
A5: Código | B5: Descrição | C5: Unidade | D5: Salário (R$) | E5: Encargos Totais | F5: Custo (R$) | G5: Periculosidade/ Insalubridade
A6: P9801 | B6: Ajudante | C6: h | D6: 6.1719 | E6: 2.010807 | F6: 18.5823 | G6: 0
A7: P9802 | B7: Ajudante especializado | C7: h | D7: 7.4063 | E7: 1.980959 | F7: 22.0778 | G7: 0
A8: P9803 | B8: Almoxarife | C8: mês | D8: 1837 | E8: 1.302007 | F8: 4228.7868 | G8: 0
A9: P9804 | B9: Apontador | C9: mês | D9: 1716.86 | E9: 1.359624 | F9: 4051.144 | G9: 0
A10: P9805 | B10: Armador | C10: h | D10: 9.1 | E10: 1.71834 | F10: 24.7368 | G10: 0
A11: P9806 | B11: Auxiliar administrativo | C11: mês | D11: 1593.4551 | E11: 1.387543 | F11: 3804.4425 | G11: 0
A12: P9807 | B12: Bombeiro hidráulico | C12: h | D12: 9.3297 | E12: 1.799025 | F12: 26.114 | G12: 0
A13: P9808 | B13: Carpinteiro | C13: h | D13: 9.1 | E13: 1.727824 | F13: 24.8231 | G13: 0
A14: P9809 | B14: Encarregado administrativo | C14: mês | D14: 3574.0899 | E14: 1.009727 | F14: 7182.9449 | G14: 0
A15: P9810 | B15: Eletricista | C15: h | D15: 9.29 | E15: 1.779958 | F15: 25.8258 | G15: 0
A16: P9811 | B16: Encarregado especializado | C16: mês | D16: 3334.7705 | E16: 1.064863 | F16: 6885.8442 | G16: 0
A17: P9812 | B17: Engenheiro | C17: mês | D17: 11764.913 | E17: 0.838111 | F17: 21625.217 | G17: 0
... A115: P9972 | B115: Técnico de batimetria | C115: mês | D115: 2023.2198 | E115: 1.236984 | F115: 4525.9103 | G115: 0

Sheet SINAPI ND 0422
A1: 97141 | B1: ASSENTAMENTO DE TUBO DE FERRO FUNDIDO PARA REDE DE ÁGUA, DN 80 MM, JUNTA ELÁSTICA, INSTALADO EM LOCAL COM NÍVEL ALTO DE INTERFERÊNCIAS (NÃO INCLUI FORNECIMENTO). AF_11/2017 | C1: M | D1: 7,41
A2: 97142 | B2: ASSENTAMENTO DE TUBO DE FERRO FUNDIDO PARA REDE DE ÁGUA, DN 100 MM, JUNTA ELÁSTICA, INSTALADO EM LOCAL COM NÍVEL ALTO DE INTERFERÊNCIAS (NÃO INCLUI FORNECIMENTO). AF_11/2017 | C2: M | D2: 8,23
A3: 97143 | B3: ASSENTAMENTO DE TUBO DE FERRO FUNDIDO PARA REDE DE ÁGUA, DN 150 MM, JUNTA ELÁSTICA, INSTALADO EM LOCAL COM NÍVEL ALTO DE INTERFERÊNCIAS (NÃO INCLUI FORNECIMENTO). AF_11/2017 | C3: M | D3: 10,31
A4: 97144 | B4: ASSENTAMENTO DE TUBO DE FERRO FUNDIDO PARA REDE DE ÁGUA, DN 200 MM, JUNTA ELÁSTICA, INSTALADO EM LOCAL COM NÍVEL ALTO DE INTERFERÊNCIAS (NÃO INCLUI FORNECIMENTO). AF_11/2017 | C4: M | D4: 12,35
A5: 97145 | B5: ASSENTAMENTO DE TUBO DE FERRO FUNDIDO PARA REDE DE ÁGUA, DN 250 MM, JUNTA ELÁSTICA, INSTALADO EM LOCAL COM NÍVEL ALTO DE INTERFERÊNCIAS (NÃO INCLUI FORNECIMENTO). AF_11/2017 | C5: M | D5: 14,47
A6: 97146 | B6: ASSENTAMENTO DE TUBO DE FERRO FUNDIDO PARA REDE DE ÁGUA, DN 300 MM, JUNTA ELÁSTICA, INSTALADO EM LOCAL COM NÍVEL ALTO DE INTERFERÊNCIAS (NÃO INCLUI FORNECIMENTO). AF_11/2017 | C6: M | D6: 16,53
A7: 97147 | B7: ASSENTAMENTO DE TUBO DE FERRO FUNDIDO PARA REDE DE ÁGUA, DN 350 MM, JUNTA ELÁSTICA, INSTALADO EM LOCAL COM NÍVEL ALTO DE INTERFERÊNCIAS (NÃO INCLUI FORNECIMENTO). AF_11/2017 | C7: M | D7: 18,64
A8: 97148 | B8: ASSENTAMENTO DE TUBO DE FERRO FUNDIDO PARA REDE DE ÁGUA, DN 400 MM, JUNTA ELÁSTICA, INSTALADO EM LOCAL COM NÍVEL ALTO DE INTERFERÊNCIAS (NÃO INCLUI FORNECIMENTO). AF_11/2017 | C8: M | D8: 20,71
A9: 97149 | B9: ASSENTAMENTO DE TUBO DE FERRO FUNDIDO PARA REDE DE ÁGUA, DN 450 MM, JUNTA ELÁSTICA, INSTALADO EM LOCAL COM NÍVEL ALTO DE INTERFERÊNCIAS (NÃO INCLUI FORNECIMENTO). AF_11/2017 | C9: M | D9: 22,84
A10: 97150 | B10: ASSENTAMENTO DE TUBO DE FERRO FUNDIDO PARA REDE DE ÁGUA, DN 500 MM, JUNTA ELÁSTICA, INSTALADO EM LOCAL COM NÍVEL ALTO DE INTERFERÊNCIAS (NÃO INCLUI FORNECIMENTO). AF_11/2017 | C10: M | D10: 29,70
A11: 97151 | B11: ASSENTAMENTO DE TUBO DE FERRO FUNDIDO PARA REDE DE ÁGUA, DN 600 MM, JUNTA ELÁSTICA, INSTALADO EM LOCAL COM NÍVEL ALTO DE INTERFERÊNCIAS (NÃO INCLUI FORNECIMENTO). AF_11/2017 | C11: M | D11: 34,61
A12: 97152 | B12: ASSENTAMENTO DE TUBO DE FERRO FUNDIDO PARA REDE DE ÁGUA, DN 700 MM, JUNTA ELÁSTICA, INSTALADO EM LOCAL COM NÍVEL ALTO DE INTERFERÊNCIAS (NÃO INCLUI FORNECIMENTO). AF_11/2017 | C12: M | D12: 39,24
... A7316: 101460 | B7316: VIGIA DIURNO COM ENCARGOS COMPLEMENTARES | C7316: MES | D7316: 3.363,78
